 Dungeon Crawl Stone Soup version 0.31-a0-596-g831eee08f1 (webtiles) character file.

Game seed: 10629311957877816966

1264914 Ofeo the End of an Era (level 27, -5/249 HPs)
             Began as a Demonspawn Shapeshifter on Aug 19, 2023.
             Was the Champion of Qazlal.
             Killed by something's death curse (23 damage)
             ... on level 2 of the Tomb of the Ancients on Aug 20, 2023.
             The game lasted 04:39:07 (108812 turns).

Ofeo the End of an Era (Demonspawn Shapeshifter)  Turns: 108812, Time: 04:39:07

Health: -5/249     AC: 62    Str: 28    XL:     27
Magic:  16/40      EV: 19    Int: 13    God:    Qazlal [******]
Gold:   7178       SH:  0    Dex: 24    Spells: 14/38 levels left

rFire   + .          .
                       - Unarmed
rCold   + . .        (shield currently unavailable)
rNeg    + + +        Y - +7 crystal plate armour of Unreason {+Blink rPois Dex+3 Stlth-}
rPois   +            x - +2 helmet of the Bruised Xenops {Slay+3}
rElec   +            w - +1 cloak of Starlight {*Dazzle EV+4 Stlth--}
rCorr   +            (gloves unavailable)
SInv    .            d - +3 pair of boots of Blue Skies {rC++ rN+}
Will    +++..        t - amulet "Dichan" {Regen+ Str+6 Int-3 Slay+5 Stlth+} Stlth
                     P - ring "Taerumne" {Drain rCorr EV+5 Str+3 Dex+6}
HPRegen 1.41/turn    b - ring "Isuakaam" {Fire rN++ Str-5 Int+2 Stlth+}
MPRegen 0.27/turn

%: random rage (3%), repel missiles
@: mighty, about to teleport, blade hands, on berserk cooldown, held, slowed,
studying 4 skills, very slow
A: thin metallic scales 3, hurl damnation, foul stench 3, icemail 2, torment
resistance 1, condensation shield, demonic willpower, demonic touch 3, talons 1,
berserk 1, deterioration 1, electricity resistance, inability to read after
injury 1
}: 14/15 runes: decaying, slimy, silver, iron, obsidian, icy, bone, abyssal,
demonic, glowing, magical, fiery, dark, gossamer
a: Hurl Damnation, Begin Untransformation, Renounce Religion, Evoke Blink,
Upheaval, Elemental Force, Disaster Area


You were on level 2 of the Tomb of the Ancients.
You worshipped Qazlal.
Qazlal was exalted by your worship.
You had blades for hands.
You visited 18 branches of the dungeon, and saw 86 of its levels.
You visited Pandemonium 3 times, and saw 16 of its levels.
You visited the Abyss 3 times.
You also visited: Trove and Bailey.

You collected 16901 gold pieces.
You spent 9723 gold pieces at shops.

Inventory:

Armour
 d - the +3 pair of boots of Blue Skies (worn) {rC++ rN+}
   (You found it in a treasure trove)

   rC++:      It greatly protects you from cold.
   rN+:       It protects you from negative energy.
 i - a scarf of resistance
 o - a +2 pair of boots of flying
 w - the +1 cloak of Starlight (worn) {*Dazzle EV+4 Stlth--}
   (You found it on level 3 of the Depths)

   *Dazzle:   It may blind those who miss an attack against the wearer in melee
   combat.
   EV+4:      It affects your evasion (+4).
   Stlth--:   It makes you much less stealthy.
 x - the +2 helmet of the Bruised Xenops (worn) {Slay+3}
   (You found it on level 1 of the Elven Halls)

   Slay+3:    It affects your accuracy & damage with ranged weapons and melee
   (+3).
 H - the scarf of Xanenwekh {+Inv, rPois Will+++ Dex-3 Stlth+}
   (You found it in a treasure trove)

   Dex-3:     It affects your dexterity (-3).
   rPois:     It protects you from poison Will+++: It greatly increases your
   willpower.
   Stlth+:    It makes you more stealthy.
 M - a +3 crystal plate armour
 Y - the +7 crystal plate armour of Unreason (worn) {+Blink rPois Dex+3 Stlth-}
   (You found it in a treasure trove)

   Dex+3:     It affects your dexterity (+3).
   rPois:     It protects you from poison +Blink: It lets you blink.
   Stlth-:    It makes you less stealthy.
Jewellery
 b - the ring "Isuakaam" (right blade hand) {Fire rN++ Str-5 Int+2 Stlth+}
   (You took it off a deep elf master archer on level 3 of the Elven Halls)

   [ring of fire]

   Fire:      It enhances your fire magic.
   Str-5:     It affects your strength (-5).
   Int+2:     It affects your intelligence (+2).
   rF+:       It protects you from fire.
   rC-:       It makes you vulnerable to cold.
   rN++:      It greatly protects you from negative energy.
   Stlth+:    It makes you more stealthy.
 t - the amulet "Dichan" (around neck) {Regen+ Str+6 Int-3 Slay+5 Stlth+}
   (You acquired it on level 2 of the Dungeon)

   [amulet of regeneration]

   Str+6:     It affects your strength (+6).
   Int-3:     It affects your intelligence (-3).
   Slay+5:    It affects your accuracy & damage with ranged weapons and melee
   (+5).
   Regen+:    It increases your rate of health regeneration.
   Stlth+:    It makes you more stealthy.
 u - the ring of Lust {rC+ rN+ Slay+2}
   (You found it in Pandemonium)

   [ring of protection from cold]

   Slay+2:    It affects your accuracy & damage with ranged weapons and melee
   (+2).
   rC+:       It protects you from cold.
   rN+:       It protects you from negative energy.
 O - the ring "Zayc" {rPois rC+++ Will+ Int-3 Dex+3}
   (You found it on level 7 of Tartarus)

   [ring of poison resistance]

   Int-3:     It affects your intelligence (-3).
   Dex+3:     It affects your dexterity (+3).
   rC+++:     It renders you almost immune to cold.
   rPois:     It protects you from poison Will+: It increases your willpower.
 P - the ring "Taerumne" (left blade hand) {Drain rCorr EV+5 Str+3 Dex+6}
   (You found it in Pandemonium)

   [ring of evasion]

   EV+5:      It affects your evasion (+5).
   Str+3:     It affects your strength (+3).
   Dex+6:     It affects your dexterity (+6).
   rCorr:     It protects you from acid and corrosion.
   Drain:     It drains your maximum health when unequipped.
 Q - a ring of the Octopus King {Wiz HP+2 AC+2 EV+2 SH+2}
   (You took it off a yaktaur on level 5 of the Vaults)

   [ring of wizardry]

   Wiz:       It improves your spell success rate.
   AC+2:      It affects your AC (+2).
   EV+2:      It affects your evasion (+2).
   HP+2:      It affects your health (+2).
   SH+2:      It affects your SH (+2).
Wands
 g - a wand of polymorph (35)
 n - a wand of flame (188)
 E - a wand of light (39)
 J - a wand of roots (87)
 T - a wand of paralysis (107)
 V - a wand of digging (9) {@v1}
 X - a wand of mindburst (72)
Scrolls
 j - 8 scrolls of fear
 p - 27 scrolls of teleportation {@r3}
 r - 2 scrolls of enchant armour
 y - 7 scrolls of revelation
 A - 10 scrolls of fog
 B - a scroll of enchant weapon
 C - 13 scrolls of immolation
 F - 4 scrolls of summoning
 G - a scroll of vulnerability
 N - 13 scrolls of poison
 S - 8 scrolls of blinking {@r4}
Potions
 a - 4 potions of ambrosia
 e - 9 potions of enlightenment
 f - 4 potions of mutation
 h - 4 potions of heal wounds {@q2}
 l - 14 potions of lignification
 m - a potion of might {@q4}
 q - 26 potions of curing {@q1}
 s - a potion of haste {@q3}
 D - 2 potions of magic
 I - 5 potions of invisibility
 K - 15 potions of brilliance
 L - 6 potions of cancellation
 R - 4 potions of berserk rage
 U - 13 potions of attraction
Miscellaneous
 c - a sack of spiders
 k - a lightning rod (4/4)
 v - a phial of floods
 z - the horn of Geryon
 W - a tin of tremorstones (2/2)
 Z - a phantom mirror


   Skills:
 O Level 27 Fighting
 O Level 27 Armour
 - Level 18.7 Dodging
 O Level 27 Unarmed Combat
 - Level 6.2 Spellcasting
 - Level 13.4 Necromancy
 + Level 16.7 Translocations
 - Level 6.1 Air Magic
 O Level 27 Invocations
 - Level 22.9 Evocations
 - Level 18.0 Shapeshifting


You had 14 spell levels left.
You knew the following spells:

 Your Spells              Type           Power      Damage    Failure   Level
a - Wereblood             Tmut           4%         N/A       82%         2
b - Manifold Assault      Tloc           47%        N/A       1%          4
c - Vhi's Electric Charg  Tloc/Air       66%        N/A       2%          3
d - Animate Armour        Summ/Erth      8%         N/A       100%        4
e - Blink                 Tloc           94%        N/A       1%          2
f - Gell's Gravitas       Tloc           47%        N/A       1%          3
g - Dispersal             Tloc           23%        N/A       14%         6

Your spell library contained the following spells:

 Spells                   Type           Power      Damage    Failure   Level
 Necrotise                Necr           100%       1d9       1%          1
 Lesser Beckoning         Tloc           94%        N/A       1%          2
 Sublimation of Blood     Necr           39%        N/A       1%          2
 Teleport Other           Tloc           47%        N/A       1%          3
 Vampiric Draining        Necr           39%        2d8       1%          3
 Passage of Golubria      Tloc           47%        N/A       1%          4
 Animate Dead             Necr           39%        N/A       3%          4
 Dispel Undead            Necr           39%        3d16      3%          4
 Portal Projectile        Hex/Tloc       50%        N/A       9%          3
 Volatile Blastmotes      Fire/Tloc      76%        2d16      9%          3
 Cigotuvi's Dreadful Rot  Necr/Pois/Air  40%        N/A       10%         2
 Agony                    Necr           39%        N/A       11%         5
 Iskenderun's Mystic Bla  Conj/Tloc      25%        2d7       30%         4
 Poisonous Vapours        Pois/Air       22%        N/A       38%         2
 Static Discharge         Conj/Air       22%        2-3/arc   38%         2
 Death Channel            Necr           19%        N/A       50%         6
 Anguish                  Hex/Necr       10%        N/A       52%         4
 Airstrike                Air            9%         2d(2-18)  58%         4
 Summon Forest            Summ/Tloc      12%        N/A       63%         5
 Foxfire                  Conj/Fire      24%        2x1d5     67%         1
 Freeze                   Ice            16%        1d4       67%         1
 Magic Dart               Conj           16%        1d3       67%         1
 Sting                    Tmut/Pois      16%        1d3       67%         1
 Summon Small Mammal      Summ           16%        N/A       67%         1
 Mephitic Cloud           Conj/Pois/Air  9%         N/A       77%         3
 Ensorcelled Hibernation  Hex/Ice        8%         N/A       82%         2
 Scorch                   Fire           12%        2d5       82%         2
 Searing Ray              Conj           8%         2d4       82%         2
 Borgnjor's Vile Clutch   Necr/Erth      10%        N/A       86%         5
 Summon Lightning Spire   Summ/Air       11%        N/A       95%         4
 Call Canine Familiar     Summ           4%         N/A       96%         3
 Dazzling Flash           Conj/Hex       8%         N/A       96%         3
 Frozen Ramparts          Ice            8%         1d2       96%         3
 Hailstorm                Conj/Ice       4%         3d4       96%         3
 Ignite Poison            Fire/Tmut/Pois 6%         N/A       96%         3
 Inner Flame              Hex/Fire       6%         N/A       96%         3
 Ozocubu's Armour         Ice            4%         N/A       96%         3
 Stone Arrow              Conj/Erth      8%         3d7       96%         3
 Summon Guardian Golem    Hex/Summ       4%         N/A       96%         3
 Tukima's Dance           Hex            4%         N/A       96%         3
 Disjunction              Tloc           23%        N/A       99%         8
 Cause Fear               Hex            2%         N/A       100%        4
 Flame Wave               Conj/Fire      6%         2d5       100%        4
 Fulminant Prism          Conj/Hex       2%         3d5       100%        4
 Leda's Liquefaction      Hex/Erth       2%         N/A       100%        4
 Olgreb's Toxic Radiance  Pois           4%         N/A       100%        4
 Petrify                  Tmut/Erth      4%         N/A       100%        4
 Sticky Flame             Conj/Fire      6%         2d3       100%        4
 Summon Ice Beast         Ice/Summ       4%         N/A       100%        4
 Alistair's Intoxication  Tmut/Pois      2%         N/A       100%        5
 Arcjolt                  Conj/Air       5%         1d15      100%        5
 Fireball                 Conj/Fire      3%         3d4       100%        5
 Freezing Cloud           Conj/Ice/Air   4%         6-21      100%        5
 Irradiate                Conj/Tmut      2%         3d12      100%        5
 Iskenderun's Battlesphe  Conj           4%         2d6       100%        5
 Lee's Rapid Deconstruct  Erth           2%         3d4*      100%        5
 Metabolic Englaciation   Hex/Ice        2%         N/A       100%        5
 Silence                  Hex/Air        5%         N/A       100%        5
 Summon Mana Viper        Hex/Summ       4%         N/A       100%        5
 Yara's Violent Unravell  Hex/Tmut       2%         3d3       100%        5
 Conjure Ball Lightning   Conj/Air       5%         3x3d6     100%        6
 Eringya's Noxious Bog    Tmut/Pois      2%         4d6       100%        6
 Leda's Unmaking          Conj/Erth      2%         9d1       100%        6
 Plasma Beam              Fire/Air       8%         2x1d19    100%        6
 Simulacrum               Ice/Necr       10%        N/A       100%        6
 Starburst                Conj/Fire      3%         6d3       100%        6
 Summon Cactus Giant      Summ           2%         N/A       100%        6
 Enfeeble                 Hex            2%         N/A       100%        7
 Haunt                    Necr/Summ      10%        N/A       100%        7
 Monstrous Menagerie      Summ           2%         N/A       100%        7
 Orb of Destruction       Conj           2%         9d5       100%        7
 Ozocubu's Refrigeration  Ice            2%         4d7       100%        7
 Spellforged Servitor     Conj/Summ      2%         N/A       100%        7
 Summon Hydra             Summ           2%         N/A       100%        7
 Borgnjor's Revivificati  Necr           19%        N/A       100%        8
 Discord                  Hex            2%         N/A       100%        8
 Ignition                 Fire           3%         3d4       100%        8
 Infestation              Necr           19%        N/A       100%        8
 Lehudib's Crystal Spear  Conj/Erth      2%         10d2      100%        8
 Maxwell's Capacitive Co  Air            9%         ∞         100%        8
 Chain Lightning          Conj/Air       5%         3d7       100%        9
 Death's Door             Necr           19%        N/A       100%        9
 Fire Storm               Conj/Fire      3%         8d1       100%        9
 Polar Vortex             Ice            2%         N/A       100%        9
 Shatter                  Erth           2%         3d6*      100%        9


Dungeon Overview and Level Annotations

Branches:
Dungeon (15/15)            Temple (1/1) D:6            Lair (5/5) D:8
  Swamp (4/4) Lair:3       Spider (4/4) Lair:3        Slime (5/5) Lair:5
    Orc (2/2) D:9             Elf (3/3) Orc:2        Vaults (5/5) D:14
  Crypt (3/3) Vaults:3       Tomb (2/3) Crypt:3      Depths (4/4) D:15
   Hell (visited)             Dis (7/7) Hell            Geh (7/7) Hell
    Coc (7/7) Hell            Tar (7/7) Hell            Zot (5/5) Depths:4
 Bailey (visited)

Altars:
Ashenzari
Cheibriados
Dithmenos
Fedhas
Gozag
Hepliaklqana
Kikubaaqudgha
Makhleb
Nemelex Xobeh
Okawaru
Qazlal
Ru
Sif Muna
Trog
Uskayaw
Vehumet
Wu Jian
Xom
Yredelemnul
Jiyva

Shops:
D:7 [   D:8 [   D:10 [*!?   D:11 !   Orc:2 :*[[:   Elf:1 (   Vaults:2 =
Vaults:3 [([   Vaults:4 :   Vaults:5 (   Depths:4 :=:

Portals:
Hell: Lair:5 Depths:1 Depths:2 Depths:3 Depths:4
Abyss: Depths:2 Depths:3
Pandemonium: Depths:2 Depths:4
Ziggurat: Depths:2

Annotations:
D:3 1 runed translucent door, Crazy Yiuf
D:10 3 runed translucent doors, exclusion: obsidian statue
Coc:7 exclusion: 2 ice statues


Innate Abilities, Weirdness & Mutations

You have blades for hands.
You are incapable of wielding weapons or throwing items.
You are completely covered in thin metallic scales. (AC +4, rElec)
You can hurl damnation.
You frequently emit foul miasma when damaged in melee.
A meltable icy envelope protects you from harm. (AC +8)
You are resistant to unholy torment.
A meltable shield of frost defends you. (SH +4)
You punish those that try to bend your will. (Will+)
Your touch may irresistibly damage your foes and sap their willpower.
You have sharp toenails.
You sometimes lose your temper in combat.
Your body sometimes deteriorates upon taking damage.
You are resistant to electric shocks. (rElec)
You occasionally lose the ability to read scrolls when taking damage.


Message History

The cutting wind hits the death scarab!!!
You destroy the death scarab!
The death scarab's corpse disappears in a puff of smoke!
The cutting wind hits the death scarab!
The death scarab is severely damaged.
The cutting wind hits the royal mummy!!!
The royal mummy is severely damaged.
The cutting wind hits the royal mummy!!
The royal mummy is heavily damaged.
The blast of ice hits the emperor scorpion!!!
The emperor scorpion is heavily wounded.
The emperor scorpion is flash-frozen.
The blast of ice hits the royal mummy!!!
The royal mummy partially resists.
The royal mummy is almost destroyed.
The royal mummy is flash-frozen.
The blast of magma engulfs the emperor scorpion!
The emperor scorpion is severely wounded.
The blast of magma engulfs the death scarab!!!
You destroy the death scarab!
The death scarab's corpse disappears in a puff of smoke!
The blast of magma engulfs the death scarab!!!
You destroy the death scarab!
The death scarab's corpse disappears in a puff of smoke!
The blast of ice hits the death scarab!!!
You destroy the death scarab!
The death scarab's corpse disappears in a puff of smoke!
The cutting wind hits the death scarab!!!
You destroy the death scarab!
The death scarab's corpse disappears in a puff of smoke!
The cutting wind hits the emperor scorpion!!
The emperor scorpion is almost dead.
Qazlal accepts your kill.
The emperor scorpion disappears in a puff of smoke!
You feel a bit more experienced. Qazlal accepts your kill.
You feel a bit more experienced.
You feel extremely nervous for a moment...
Pain shoots through your body!!
You die...

#§§§4§#...BB......
#s§§§.#..#MVz.M..B
#§s.s.# ........
#MM...# ........
#.§...# ...M....
#§§§§§# ......BM
#§§§§§# .....z.B
#§§○§§# M.......
#@.§§§# ........
####### .##.....
#..... .....M


There were no monsters in sight!

Vanquished Creatures
  Cerebov (Pan)
  Asmodeus (Geh:7)
  the Royal Jelly (Slime:5)
  Dissolution (Slime:3)
  Ereshkigal (Tar:7)
  Gloorx Vloq (Pan)
  Ignacio (Pan)
  Lom Lobon (Pan)
  A seraph (Pan)
  the Serpent of Hell (Dis:7)
  Mnoleg (Pan)
  6 dread liches
  Dispater (Dis:7)
  2 ancient liches
  3 orbs of fire
  3 juggernauts
  Mennas (Vaults:2)
  Mara (Vaults:2)
  Sojobo (Vaults:2)
  6 royal mummies
  27 shard shrikes
  Xtahua (Depths:4)
  2 curse toes
  The ghost of Joextigh the Crack Shot, a veteran KoHu of Okawaru (Vaults:2)
  Saint Roka (Elf:3)
  A Killer Klown (Zot:4)
  15 caustic shrikes
  9 golden dragons
  Nikola (Vaults:1)
  Geryon (Hell)
  3 profane servitors (Tar:7)
  24 bone dragons
  2 pearl dragons (Pan)
  28 Tzitzimimeh
  17 Brimstone Fiends
  9 iron giants
  An electric golem (Zot:1)
  13 doom hounds
  A shard shrike zombie (Abyss:3)
  7 hellephants
  11 liches
  8 pandemonium lords (Pan)
  14 Hell Sentinels
  18 tentacled monstrosities
  16 tainted leviathans
  13 Ice Fiends
  A shard shrike skeleton (Tar:7)
  11 deep elf blademasters
  3 quicksilver dragons
  5 Orb Guardians (Zot:5)
  12 sphinxes
  9 titans
  18 acid blobs
  36 ancient champions
  4 deep elf master archers (Elf:3)
  17 searing wretches
  33 Executioners
  5 tentacled starspawn (Abyss:3)
  10 death cobs
  The ghost of Sundig the Blocker, an adept GnFi of Qazlal (Elf:1)
  9 tengu reavers
  A thorn hunter (Swamp:1)
  Kirke (D:14)
  Aizul (Vaults:4)
  8 shadow dragons
  11 draconian monks
  6 revenants
  24 azure jellies
  9 storm dragons
  12 rockslimes
  19 daevas (Pan)
  13 demonspawn warmongers (Pan)
  5 deep elf sorcerers (Elf:3)
  20 frost giants
  7 draconian knights
  20 fire giants
  9 quicksilver elementals
  3 iron dragons
  20 narguns
  2 emperor scorpions
  9 ghost moths
  2 deep elf elementalists (Elf:3)
  10 draconian scorchers
  14 vault wardens
  A juggernaut zombie (Tar:7)
  3 draconian stormcallers
  56 balrugs
  7 draconian shifters
  A spectral juggernaut (Tar:1)
  3 curse skulls
  3 orc warlords
  8 broodmothers
  32 angels (Pan)
  20 reapers
  A ghoul (Crypt:3)
  A broodmother (shapeshifter) (Depths:2)
  12 quicksilver oozes
  8 shard shrike simulacra
  23 cacodemons (Pan)
  9 demonspawn blood saints (Pan)
  20 ironbound preservers
  4 spriggan defenders
  5 ironbound thunderhulks
  8 demonspawn corrupters (Pan)
  The ghost of Zoram the Thaumaturge, a journeyman SpAE of Vehumet (D:15)
  10 draconian annihilators
  26 elemental wellsprings
  30 very ugly things
  36 apis (Pan)
  15 ophanim (Pan)
  16 demonspawn black suns
  13 stone giants
  7 deep elf demonologists
  13 vampire knights
  25 war gargoyles
  A formless jellyfish (Vaults:1)
  4 caustic shrike skeletons
  10 eleionomae
  5 green draconians
  25 lorocyprocas
  18 black draconians
  10 yellow draconians
  6 bunyips
  14 deep elf annihilators
  13 spark wasps
  25 dire elephants
  12 purple draconians
  13 red draconians
  14 white draconians
  A minotaur (D:15)
  15 wendigos
  2 spectral titans (Crypt:1)
  11 putrid mouths
  11 eidola
  2 crystal guardians (Vaults:4)
  12 green deaths (Pan)
  10 iron golems
  38 blizzard demons
  19 mummy priests
  7 deep elf death magi
  18 ettins
  8 fire dragons
  2 spectral fenstrider witches (Crypt:1)
  2 jiangshi (Crypt:1)
  8 deep elf high priests
  8 entropy weavers
  6 rakshasas
  20 yaktaur captains
  8 great orbs of eyes
  A shambling mangrove (Swamp:4)
  3 spectral spriggans
  33 vault guards
  13 hydras
  A quicksilver dragon skeleton (Crypt:3)
  A hydra (shapeshifter) (Depths:3)
  A nameless horror (Pan)
  10 salamander tyrants
  9 ice dragons
  2 spriggan zombies
  An anaconda (Swamp:1)
  6 caustic shrike simulacra
  25 stokers
  11 juggernaut simulacra
  3 spriggan air magi
  6 alligators
  3 peacekeepers
  2 spriggan skeletons
  4 boulder beetles
  3 death knights
  11 ironbound frosthearts
  4 hell beasts
  3 ogre magi
  A catoblepas (Lair:4)
  5 centaur warriors
  2 deep troll shamans (Depths:3)
  13 tengu warriors
  13 death scarabs
  An azure jelly zombie (Crypt:1)
  36 hell hogs
  9 two-headed ogres
  4 radroaches
  2 spectral nagas
  15 death yaks
  An orc high priest (Pan)
  3 spriggan berserkers
  7 vampire magi
  62 dancing weapons
  A thrashing horror (Abyss:3)
  2 titan zombies (Tomb:1)
  Urug (D:12)
  35 demonic crawlers
  13 deep troll earth magi
  Nergalle (Lair:3)
  11 deep elf knights
  A spectral dire elephant (Tar:2)
  110 sun demons
  25 hell knights
  A fire crab (Lair:4)
  38 shadow wraiths
  44 soul eaters
  10 crystal echidnas
  3 wretched stars (Abyss:3)
  23 skeletal warriors
  7 pharaoh ants
  Amaemon (Lair:3)
  21 sixfirhies
  A storm dragon skeleton (Pan)
  10 iron trolls
  A spectral anaconda (Crypt:1)
  A bunyip zombie (Abyss:3)
  5 goliath frogs
  3 quicksilver dragon simulacra
  A death drake (Swamp:3)
  An iron giant zombie (Tar:7)
  3 skysharks (Lair:5)
  A death drake (shapeshifter) (Depths:2)
  11 flayed ghosts
  A deep troll (shapeshifter) (Vaults:5)
  2 sun moths
  49 deep trolls
  24 shadow demons
  16 cherubim (Pan)
  12 glowing orange brains
  A titan skeleton (Pan)
  5 bog bodies
  11 orb spiders
  9 deep elf archers
  An orange crystal statue (D:9)
  15 lindwurms
  6 swamp dragons
  A spectral iron dragon (Tar:2)
  8 spriggan druids
  An obsidian statue (Crypt:1)
  5 anaconda skeletons
  9 necromancers
  13 phantasmal warriors
  A fenstrider witch simulacrum (Crypt:2)
  4 orc knights
  5 spriggan simulacra
  12 wizards
  2 bunyip skeletons (Crypt:2)
  9 harpies (Vaults:1)
  5 steelbarb worms
  An iron giant skeleton (Tar:7)
  25 deep elf pyromancers
  23 ironbound convokers
  2 alligator zombies (Hell)
  31 ugly things
  A spectral fire dragon (Crypt:1)
  22 deep elf zephyrmancers
  2 orc sorcerers
  23 wolf spiders
  A fire giant zombie (Crypt:2)
  A spectral alligator snapping turtle (Crypt:1)
  A frost giant zombie (Crypt:2)
  A cyclops (shapeshifter) (D:15)
  3 shining eyes
  A salamander (D:15)
  3 will-o-the-wisps
  3 spectral centaurs (Crypt:1)
  7 cyclopes
  An iron dragon skeleton (Pan)
  27 moths of wrath
  15 elephants
  5 manticores
  A naga zombie (Hell)
  7 ice statues
  92 slime creatures
  A stone giant skeleton (Pan)
  5 titan simulacra
  9 cane toads
  8 rust devils
  A dire elephant zombie (Tar:7)
  7 black mambas
  A centaur zombie (Crypt:3)
  An elephant (shapeshifter) (Depths:2)
  20 vault sentinels
  2 eyes of devastation (Slime:5)
  3 molten gargoyles (Hell)
  9 torpor snails
  3 unseen horrors
  68 smoke demons
  Maggie (D:5)
  Jeremiah (D:6)
  3 gargoyles
  30 orange demons
  4 centaur skeletons
  3 dire elephant skeletons
  An elephant slug zombie (Crypt:3)
  4 kobold demonologists
  25 hellions
  A white draconian zombie (Crypt:1)
  Psyche (D:10)
  9 freezing wraiths
  5 rime drakes
  A yaktaur (shapeshifter) (Elf:2)
  3 ancient zymes (Abyss:3)
  29 yaktaurs
  14 ice devils
  3 sea snake zombies (Hell)
  4 anaconda simulacra
  10 efreet
  A bunyip simulacrum (Coc:2)
  A harpy zombie (Crypt:3)
  17 komodo dragons
  3 spectral harpies (Crypt:1)
  38 tormentors
  A hydra zombie (Hell)
  A merfolk (shapeshifter) (Vaults:5)
  A silent spectre (Abyss:3)
  6 trolls
  6 iron giant simulacra
  A troll (shapeshifter) (Depths:2)
  24 guardian mummies
  2 tengu conjurers
  40 hellwings
  9 tyrant leeches
  7 hornets
  A meliai (D:14)
  7 harpy skeletons
  9 red devils
  Prince Ribbit (D:7)
  7 blink frogs
  31 tarantellas
  A shadow dragon simulacrum (Coc:1)
  2 polar bears (Lair:3)
  6 raiju (Abyss:3)
  4 dream sheep (Lair:5)
  2 iron dragon simulacra
  2 ettin skeletons
  69 ynoxinuls
  5 flying skulls
  3 stone giant simulacra
  An air elemental (Elf:2)
  2 centaur simulacra (D:14)
  13 spriggans
  35 jumping spiders
  3 shadows
  5 naga simulacra
  9 water elementals
  Sigmund (D:6)
  5 wraiths
  7 dire elephant simulacra
  33 culicivoras
  A wind drake zombie (Crypt:1)
  7 ushabtiu
  5 small abominations (Abyss:3)
  A fire elemental (Elf:2)
  A human (D:14)
  2 steam dragons
  A slime creature zombie (Crypt:3)
  A hog (D:14)
  7 swamp worm simulacra (Swamp:4)
  20 chaos spawn (Pan)
  49 neqoxecs
  3 fire bats
  9 golden eyes
  43 yaks
  A tyrant leech zombie (Crypt:1)
  4 wyverns
  A black mamba skeleton (Crypt:2)
  10 vampire mosquitoes
  3 wargs
  2 redbacks (shapeshifter) (Vaults:5)
  A sea snake simulacrum (Hell)
  48 redbacks
  10 basilisks
  16 swamp worms
  A two-headed ogre zombie (Crypt:2)
  A deep troll zombie (Crypt:3)
  5 acid dragons
  11 harpy simulacra
  12 water moccasins
  19 hydra simulacra
  4 hell hounds (Lair:5)
  A floating eye (shapeshifter) (Elf:2)
  49 large abominations
  2 naga skeletons
  4 floating eyes
  2 sky beasts
  A swamp drake (shapeshifter) (D:13)
  2 swamp drakes
  A black bear (shapeshifter) (D:14)
  39 orc warriors
  An ogre (shapeshifter) (Depths:3)
  4 black bears
  2 ice beasts
  A hornet zombie (Crypt:2)
  8 ogres
  A lindwurm zombie (Crypt:1)
  21 centaurs
  5 ettin simulacra
  A hog zombie (Crypt:3)
  3 elf zombies (Elf:1)
  3 phantoms
  A salamander zombie (Crypt:1)
  11 kobold brigands
  12 bullfrogs
  2 gnoll sergeants
  A necrophage (Crypt:3)
  2 earth elementals
  A scorpion (D:4)
  4 wights (D:5)
  13 killer bees
  2 troll zombies (D:9)
  A queen bee zombie (Crypt:2)
  5 howler monkeys
  3 electric eels
  A bullfrog zombie (Crypt:2)
  3 crimson imps (Geh:6)
  A basilisk zombie (Crypt:2)
  A jelly (D:7)
  15 orc priests
  4 gnoll boudas
  4 hounds
  23 starcursed masses (Abyss:3)
  A sleepcap (D:7)
  4 iguanas
  24 orc wizards
  19 hell rats
  A boggart skeleton (Crypt:1)
  6 ogre zombies (D:9)
  A hound skeleton (Crypt:3)
  23 mummies
  Robin (D:4)
  25 gnolls
  A howler monkey skeleton (Crypt:1)
  9 adders
  3 shadow imps
  3 white imps
  An ufetubus (Abyss:3)
  A swamp drake simulacrum (Swamp:4)
  An adder skeleton (Crypt:3)
  A worm (D:2)
  A worm (shapeshifter) (Elf:1)
  2 dart slugs
  70 orcs
  6 bats
  7 endoplasms
  5 giant cockroaches
  13 goblins
  7 hobgoblins
  7 jackals
  34 kobolds
  4 quokkas
  4 ball pythons
  13 frilled lizards
  A goblin skeleton (D:9)
  5 goblin zombies (D:9)
  2 hobgoblin skeletons (D:9)
  A hobgoblin zombie (D:9)
  An orc skeleton (D:9)
  15 orc zombies (D:9)
  3 rats
  A butterfly (Swamp:3)
  2 creeping infernos (Geh:7)
  4 fire vortices
  5 starspawn tentacles (Abyss:3)
4326 creatures vanquished.

Vanquished Creatures (collateral kills)
  Antaeus (Coc:7)
1 creature vanquished.

Vanquished Creatures (others)
  A draconian knight (Zot:4)
  A nargun (Coc:7)
  3 shard shrike simulacra
  A demonspawn blood saint (Pan)
  A vampire knight (Depths:2)
  A lorocyproca (Pan)
  A blizzard demon (Pan)
  2 juggernaut simulacra (Coc:7)
  A caustic shrike simulacrum (Coc:6)
  A deep troll (Vaults:1)
  A quicksilver dragon simulacrum (Coc:7)
  A spriggan simulacrum (Coc:7)
  A tormentor (Geh:3)
  3 hellions
  An anaconda simulacrum (Coc:7)
  A golden dragon simulacrum (Coc:7)
  A bloated husk (Swamp:3)
  A tarantella (Spider:4)
  A raiju (Abyss:3)
  A ynoxinul (Pan)
  A dire elephant simulacrum (Coc:7)
  A human (D:14)
  2 water elementals (Elf:2)
  3 harpy simulacra
  A water moccasin (shapeshifter) (Vaults:5)
  An ettin simulacrum (Coc:5)
  2 orcs (Orc:2)
  A ball lightning (Pan)
  2 creeping infernos
  8 foxfires
  A lurking horror (Abyss:3)
  11 starspawn tentacles (Abyss:3)
59 creatures vanquished.

Grand Total: 4386 creatures vanquished

Notes
Turn   | Place    | Note
-------+----------+-------------------------------------------
     0 | D:1      | Ofeo the Demonspawn Shapeshifter began the quest for the
                  | Orb.
     0 | D:1      | Reached XP level 1. HP: 15/15 MP: 1/1
   335 | D:1      | Gained mutation: A meltable shield of frost defends you.
                  | (SH +4) [demonic ancestry]
   335 | D:1      | Reached XP level 2. HP: 21/21 MP: 2/2
  1036 | D:2      | Reached XP level 3. HP: 20/26 MP: 3/3
  1365 | D:2      | Found a hazy altar of Hepliaklqana.
  2140 | D:2      | Gained mutation: A meltable icy envelope protects you from
                  | harm. (AC +8) [demonic ancestry]
  2140 | D:2      | Reached XP level 4. HP: 33/33 MP: 4/4
  2228 | D:2      | Identified a scroll of acquirement
  2228 | D:2      | Acquired the amulet "Dichan" {Regen+ Str+6 Int-3 Slay+5
                  | Stlth+}
  2316 | D:3      | Found the +18 Lear's hauberk
  2442 | D:3      | Found a faded altar of an unknown god.
  2566 | D:3      | Found a runed translucent door.
  2567 | D:3      | Noticed Crazy Yiuf
  2595 | D:3      | Gained mutation: Your touch may inflict minor irresistible
                  | damage on your foes. [demonic ancestry]
  2595 | D:3      | Reached XP level 5. HP: 17/39 MP: 5/5
  2599 | D:3      | Gained mutation: You have sharp toenails. [potion of
                  | mutation]
  2599 | D:3      | Gained mutation: You occasionally lose the ability to read
                  | scrolls when taking damage. [potion of mutation]
  2599 | D:3      | Gained mutation: You have a pair of small antennae on your
                  | head. [potion of mutation]
  2663 | D:3      | Identified the +5 robe of the Crypt {Fly Slay+3 SInv}
  3116 | D:4      | Reached XP level 6. HP: 46/47 MP: 6/6
  3214 | D:4      | Noticed Robin
  3304 | D:4      | Killed Robin
  3756 | D:5      | Entered Level 5 of the Dungeon
  3767 | D:5      | Reached XP level 7. HP: 54/54 MP: 7/7
  4376 | D:5      | Reached skill level 5 in Fighting
  4465 | D:5      | Reached skill level 5 in Dodging
  4465 | D:5      | Reached XP level 8. HP: 62/62 MP: 8/8
  4580 | D:6      | Noticed Jeremiah
  4582 | D:6      | Noticed Sigmund
  4627 | D:6      | Reached skill level 5 in Shapeshifting
  4961 | D:6      | Noticed Maggie
  4975 | D:5      | Killed Maggie
  5021 | D:6      | Killed Sigmund
  5184 | D:6      | Found an iron altar of Okawaru.
  5260 | D:6      | Gained mutation: You may rarely emit foul miasma when
                  | damaged in melee. [demonic ancestry]
  5260 | D:6      | Reached XP level 9. HP: 71/71 MP: 9/9
  5600 | D:6      | Found a staircase to the Ecumenical Temple.
  5607 | Temple   | Entered the Ecumenical Temple
  5618 | Temple   | Became a worshipper of Qazlal Stormbringer
  5943 | D:7      | Noticed Prince Ribbit
  5947 | D:7      | Found an opulent altar of Gozag.
  5962 | D:7      | Killed Prince Ribbit
  6240 | D:7      | Found Toaxteff's Armour Shoppe.
  6334 | D:7      | Reached skill level 5 in Unarmed Combat
  6400 | D:7      | Noticed a gargoyle
  6401 | D:7      | Noticed a cyclops
  6407 | D:7      | Killed a gargoyle
  6408 | D:7      | Noticed an unseen horror
  6410 | D:7      | Killed an unseen horror
  6425 | D:7      | Reached XP level 10. HP: 80/80 MP: 10/10
  6428 | D:7      | Killed a cyclops
  6576 | D:7      | Found a burning altar of Makhleb.
  6576 | D:7      | Found a blossoming altar of Fedhas.
  6579 | D:7      | Found a bloodstained altar of Trog.
  6642 | D:7      | Reached * piety under Qazlal
  6800 | D:8      | Found a staircase to the Lair.
  7135 | D:8      | Found an ornate altar of the Wu Jian Council.
  7157 | D:8      | Found Leecw's Superior Scales.
  7203 | D:8      | Noticed a two-headed ogre
  7209 | D:8      | Killed a two-headed ogre
  7334 | D:8      | Reached ** piety under Qazlal
  7539 | D:8      | Found a shimmering altar of Xom.
  7675 | D:8      | Found a shimmering altar of Xom.
  7682 | D:8      | Found a shimmering altar of Xom.
  7682 | D:8      | Found a shimmering altar of Xom.
  7682 | D:8      | Found a shimmering altar of Xom.
  7682 | D:8      | Found a shimmering altar of Xom.
  7684 | D:8      | Found a shimmering altar of Xom.
  7684 | D:8      | Found a shimmering altar of Xom.
  7846 | D:9      | Found a hazy altar of Hepliaklqana.
  7985 | D:9      | Gained mutation: Your touch may inflict irresistible damage
                  | on your foes. [demonic ancestry]
  7985 | D:9      | Reached XP level 11. HP: 89/89 MP: 11/11
  8067 | D:9      | Reached *** piety under Qazlal
  8081 | D:9      | Found a staircase to the Orcish Mines.
  8178 | D:9      | Noticed an orange crystal statue
  8218 | D:9      | Found a flagged portal.
  8231 | Bailey   | Entered a bailey
  8331 | Bailey   | Reached **** piety under Qazlal
  8336 | Bailey   | Found an iron altar of Okawaru.
  8570 | D:9      | Noticed a two-headed ogre
  8584 | D:9      | Killed a two-headed ogre
  9300 | D:9      | Identified the +9 longbow "Bigeush" {heavy, rElec Will-
                  | rCorr Int+7}
  9307 | D:9      | Killed an orange crystal statue
  9320 | D:9      | Identified the +11 glaive "Medenuta" {freeze, rF+ rC- Str+3
                  | Dex+3}
  9322 | D:9      | Identified the +8 dagger of Friendship {heavy, rElec rCorr}
  9323 | D:9      | Identified the +0 scale mail of the Armoured One {-Tele rN+
                  | Will++ Str+2}
  9425 | D:10     | Entered Level 10 of the Dungeon
  9478 | D:10     | Found Lacsaonar's Assorted Antiques.
  9481 | D:10     | Bought a long gold wand for 96 gold pieces
  9708 | D:10     | Found a hide-covered altar of Uskayaw.
  9723 | D:10     | Found Tovois's Magic Scroll Shoppe.
  9894 | D:10     | Noticed Psyche
  9898 | D:10     | Killed Psyche
  9899 | D:10     | Reached skill level 1 in Invocations
 10049 | D:10     | Found a runed translucent door.
 10055 | D:10     | Found a runed translucent door.
 10100 | D:10     | Noticed an obsidian statue
 10111 | D:10     | Found a runed translucent door.
 10120 | D:10     | Gained mutation: You are dopey. (Int -2) [a neqoxec]
 10121 | D:10     | Gained mutation: You sometimes lose your temper in combat.
                  | [a neqoxec]
 10123 | D:10     | Noticed a soul eater
 10173 | D:10     | Lost mutation: You have a pair of small antennae on your
                  | head. [potion of mutation]
 10173 | D:10     | Lost mutation: You have sharp toenails. [potion of
                  | mutation]
 10173 | D:10     | Gained mutation: Your muscles are strong. (Str +4, Int/Dex
                  | -1) [potion of mutation]
 10173 | D:10     | Lost mutation: Your muscles are strong. (Str +4, Int/Dex
                  | -1) [potion of mutation]
 10174 | D:10     | Lost mutation: You sometimes lose your temper in combat.
                  | [potion of mutation]
 10174 | D:10     | Lost mutation: You occasionally lose the ability to read
                  | scrolls when taking damage. [potion of mutation]
 10174 | D:10     | Gained mutation: Your flesh is cold resistant. (rC+)
                  | [potion of mutation]
 10174 | D:10     | Gained mutation: You expend magic power (3 MP) to
                  | strengthen your wands. [potion of mutation]
 10174 | D:10     | Gained mutation: Your flesh is heat resistant. (rF+)
                  | [potion of mutation]
 10229 | D:10     | Found a runed translucent door.
 10667 | D:10     | Found Rinouluc's Antique Armour Boutique.
 10683 | D:10     | Bought a distressingly furry chain mail for 275 gold pieces
 10683 | D:10     | Identified the +4 chain mail of Hemyijoo {Harm Will+
                  | Stlth+} (You bought it in a shop on level 10 of the
                  | Dungeon)
 10776 | D:10     | Found Cycs's Distillery.
 10784 | D:10     | Bought a potion of mutation for 112 gold pieces
 10784 | D:10     | Bought a potion of mutation for 112 gold pieces
 10863 | D:11     | Found Myprucw's Distillery.
 10877 | D:11     | Bought 2 potions of might for 96 gold pieces
 10877 | D:11     | Bought a potion of might for 48 gold pieces
 10877 | D:11     | Bought a potion of brilliance for 48 gold pieces
 10877 | D:11     | Bought a potion of cancellation for 96 gold pieces
 11026 | D:11     | Noticed a cyan ugly thing
 11034 | D:11     | Killed a purple ugly thing
 11965 | D:12     | Reached skill level 5 in Invocations
 12113 | D:12     | Gained mutation: You are partially covered in thin metallic
                  | scales. (AC +2) [demonic ancestry]
 12113 | D:12     | Reached XP level 12. HP: 70/96 MP: 15/15
 12115 | D:12     | Noticed a tengu warrior
 12119 | D:12     | Noticed a fire giant
 12246 | Lair:1   | Entered Level 1 of the Lair of Beasts
 12416 | Lair:1   | Identified the +7 chain mail of Absence {rPois Will- Str+3
                  | Int+5}
 12419 | Lair:1   | Identified the +0 ring mail of Gefaup {SInv}
 12880 | Lair:1   | Reached ***** piety under Qazlal
 14878 | Lair:3   | Identified the +0 chain mail "Eriereom" {rElec Regen+
                  | Str+3}
 14985 | Lair:3   | Found a hole to the Spider Nest.
 15300 | Lair:3   | Noticed Amaemon
 15309 | Lair:3   | Killed Amaemon
 15315 | Lair:3   | Reached skill level 10 in Unarmed Combat
 15505 | Lair:3   | Noticed Nergalle
 15518 | Lair:3   | Killed Nergalle
 15766 | Lair:3   | Noticed a six-headed hydra
 15775 | Lair:3   | Killed a six-headed hydra
 15882 | Lair:3   | Noticed a four-headed hydra
 15887 | Lair:3   | Killed a four-headed hydra
 15888 | Lair:3   | Gained mutation: You sometimes emit foul miasma when
                  | damaged in melee. [demonic ancestry]
 15888 | Lair:3   | Reached XP level 13. HP: 96/101 MP: 20/20
 15894 | Lair:3   | Found a staircase to the Swamp.
 16183 | Lair:4   | Reached skill level 10 in Invocations
 16335 | Lair:4   | Reached skill level 10 in Shapeshifting
 17439 | Lair:5   | Entered Level 5 of the Lair of Beasts
 17630 | Lair:5   | Gained mutation: Your touch may irresistibly damage your
                  | foes and sap their willpower. [demonic ancestry]
 17630 | Lair:5   | Reached XP level 14. HP: 30/108 MP: 20/23
 18085 | D:10     | Bought a pair of embroidered boots for 217 gold pieces
 18134 | D:10     | Bought an ancient scale mail for 216 gold pieces
 18134 | D:10     | Identified the +5 scale mail of the Saviour {Fly rF+ Str-5
                  | Stlth+} (You bought it in a shop on level 10 of the
                  | Dungeon)
 18882 | Lair:5   | Reached ****** piety under Qazlal
 19066 | Lair:5   | Found a viscous altar of Jiyva.
 19078 | Lair:5   | Found a staircase to the Slime Pits.
 19399 | Lair:5   | Identified the +2 robe of Mudiecvu {MP+9 Str+3 Dex+4}
 19458 | Lair:5   | Found a burning altar of Makhleb.
 19640 | Lair:5   | Found a gateway to Hell.
 19884 | Orc:1    | Entered Level 1 of the Orcish Mines
 20005 | Orc:1    | Found a shimmering altar of Xom.
 20051 | Orc:2    | Entered Level 2 of the Orcish Mines
 20055 | Orc:2    | Found a staircase to the Elven Halls.
 20368 | Orc:2    | Found Suxzurafiu's Book Boutique.
 20487 | Orc:2    | Noticed an orc warlord
 20508 | Orc:2    | Killed an orc warlord
 20878 | Orc:2    | Found Amaegynu's Antique Armour Shoppe.
 20878 | Orc:2    | Found Ytisimp's Antique Armour Boutique.
 20878 | Orc:2    | Found Husas's Book Shop.
 20881 | Orc:2    | Found Yrigeh's Assorted Antiques.
 20885 | Orc:2    | Bought a glowing cloak for 127 gold pieces
 20897 | Orc:2    | Bought a runed helmet for 277 gold pieces
 20914 | Orc:2    | Bought a transparent plate armour for 672 gold pieces
 20914 | Orc:2    | Identified the +1 plate armour of the Evening Star {rN+
                  | Slay+3 SInv} (You bought it in a shop on level 2 of the
                  | Orcish Mines)
 21151 | D:12     | Killed a fire giant
 21217 | D:12     | Reached XP level 15. HP: 115/115 MP: 25/25
 21238 | D:12     | Reached skill level 10 in Fighting
 21532 | D:12     | Noticed Urug
 21544 | D:12     | Killed Urug
 23027 | Abyss:3  | Cast into level 3 of the Abyss (a wizard)
 23055 | Abyss:3  | Found a corrupted altar of Lugonu.
 23066 | Abyss:3  | Found a corrupted altar of Lugonu.
 23083 | Abyss:3  | Gained mutation: You passively map a small area around you.
                  | [a neqoxec]
 23097 | Abyss:3  | Noticed a lich
 23102 | Abyss:3  | Found a corrupted altar of Lugonu.
 23104 | Abyss:3  | Found a corrupted altar of Lugonu.
 23111 | Abyss:3  | Killed a lich
 23150 | Abyss:3  | Noticed a tentacled starspawn
 23165 | Abyss:3  | Killed a tentacled starspawn
 23166 | Abyss:3  | Found a corrupted altar of Lugonu.
 23173 | Abyss:3  | Noticed a tentacled starspawn
 23187 | Abyss:3  | Killed a tentacled starspawn
 23191 | D:14     | Escaped the Abyss
 23378 | D:14     | Noticed Kirke
 23386 | D:14     | Killed Kirke
 23512 | D:10     | Bought a potion of enlightenment for 70 gold pieces
 23594 | D:7      | Bought a +1 crystal plate armour for 1131 gold pieces
 23716 | D:10     | Bought a scroll of enchant armour for 112 gold pieces
 23830 | D:14     | Found a gate to the Vaults.
 24576 | D:15     | Entered Level 15 of the Dungeon
 24824 | D:15     | Found a staircase to the Depths.
 25035 | D:15     | Found a runed translucent gate.
 25035 | D:15     | Found a runed translucent gate.
 25036 | D:15     | Found a runed translucent gate.
 25036 | D:15     | Noticed Zoram's ghost (journeyman SpAE)
 25824 | Swamp:1  | Entered Level 1 of the Swamp
 25836 | Swamp:1  | Reached skill level 15 in Unarmed Combat
 25840 | Swamp:1  | Gained mutation: You are mostly covered in thin metallic
                  | scales. (AC +3) [demonic ancestry]
 25840 | Swamp:1  | Reached XP level 16. HP: 119/127 MP: 26/26
 25846 | Swamp:1  | Noticed a thorn hunter
 25865 | Swamp:1  | Killed a thorn hunter
 26053 | Swamp:1  | Reached skill level 1 in Armour
 26737 | Swamp:2  | Identified the +5 dagger of Igif {flame, *Noise Int+5
                  | Dex+8}
 27859 | Swamp:3  | Reached skill level 5 in Armour
 28270 | Swamp:4  | Entered Level 4 of the Swamp
 28724 | Swamp:4  | Gained mutation: You frequently emit foul miasma when
                  | damaged in melee. [demonic ancestry]
 28724 | Swamp:4  | Reached XP level 17. HP: 124/139 MP: 20/27
 28916 | Swamp:4  | Got a decaying rune of Zot
 29424 | Spider:1 | Entered Level 1 of the Spider Nest
 32254 | Spider:3 | Reached skill level 15 in Fighting
 33417 | Spider:4 | Entered Level 4 of the Spider Nest
 33425 | Spider:3 | Acquired a manual of Fighting
 33501 | Spider:4 | Reached XP level 18. HP: 144/149 MP: 28/28
 35309 | Spider:4 | Got a gossamer rune of Zot
 35965 | Vaults:1 | Entered Level 1 of the Vaults
 36184 | Vaults:1 | Paralysed by a formless jellyfish for 1 turns
 36486 | Vaults:1 | Noticed Nikola
 36507 | Vaults:1 | Killed Nikola
 36877 | Vaults:1 | Identified the +3 scale mail of Pride {rC+ Str+4}
 37508 | Vaults:1 | Identified the +8 trident "Goaniac" {antimagic, rC+ Dex+2}
 38426 | Vaults:2 | Noticed Sojobo
 38553 | Vaults:2 | Gained mutation: A meltable icy envelope protects you from
                  | harm. (AC +8) [demonic ancestry]
 38553 | Vaults:2 | Reached XP level 19. HP: 152/154 MP: 24/29
 38561 | Vaults:2 | Reached skill level 15 in Shapeshifting
 38568 | Abyss:3  | Cast into level 3 of the Abyss (a wizard)
 38883 | Abyss:3  | Reached skill level 10 in Armour
 38930 | Vaults:2 | Escaped the Abyss
 38998 | Vaults:2 | Paralysed by an air elemental for 1 turns
 39080 | Vaults:2 | Killed Sojobo
 39151 | Vaults:2 | Found a portal to a secret trove of treasure.
 39497 | Orc:2    | Bought a scroll of acquirement for 1248 gold pieces
 39497 | Orc:2    | Acquired 1289 gold pieces
 39501 | Orc:2    | Bought a jet-encrusted chain mail for 161 gold pieces
 39501 | Orc:2    | Identified the +8 chain mail "Zul Baps" {Str+6} (You bought
                  | it in a shop on level 2 of the Orcish Mines)
 39567 | Orc:2    | Bought a crude scale mail for 153 gold pieces
 39567 | Orc:2    | Identified the +3 scale mail "Hiovav" {Str+2} (You bought
                  | it in a shop on level 2 of the Orcish Mines)
 39816 | Vaults:2 | Found Afidwax's Jewellery Shop.
 39872 | Vaults:2 | Bought the ring "Wanke Vyuj" {Will+ Dex+3} for 689 gold
                  | pieces
 39970 | Vaults:2 | Noticed Mara
 39981 | Vaults:2 | Killed Mara
 40531 | Vaults:2 | Found a runed translucent door.
 40531 | Vaults:2 | Noticed Joextigh's ghost (veteran KoHu)
 40683 | Vaults:2 | Identified the +0 chain mail of Henotheism {rPois rN+
                  | Dex+3}
 40996 | Vaults:2 | Killed Joextigh's ghost
 41257 | Vaults:3 | Found a staircase to the Crypt.
 41257 | Vaults:3 | Found an ancient bone altar of Kikubaaqudgha.
 41258 | Vaults:3 | Found a basalt altar of Yredelemnul.
 41399 | Vaults:3 | Found Gozag's Antique Weapon Emporium.
 41401 | Vaults:3 | Found Gozag's Antique Armour Shoppe.
 41405 | Vaults:3 | Found an opulent altar of Gozag.
 41407 | Vaults:3 | Found Gozag's Antique Armour Emporium.
 41438 | Vaults:3 | Noticed Mennas
 41871 | Vaults:3 | Gained mutation: You are completely covered in thin
                  | metallic scales. (AC +4, rElec) [demonic ancestry]
 41871 | Vaults:3 | Reached XP level 20. HP: 169/172 MP: 30/30
 42979 | Vaults:4 | Noticed Aizul
 42989 | Vaults:4 | Killed Aizul
 43188 | Vaults:4 | Found Jafec's Book Emporium.
 43297 | Vaults:4 | Paralysed by a great orb of eyes for 2 turns
 44262 | Depths:1 | Entered Level 1 of the Depths
 44267 | Depths:1 | Noticed a juggernaut
 44280 | Depths:1 | Killed a juggernaut
 44409 | D:15     | Killed Zoram's ghost
 44672 | D:6      | Killed Jeremiah
 45388 | Depths:1 | You are sucked into a shaft and drop 1 floor!
 45446 | Depths:2 | Reached XP level 21. HP: 88/182 MP: 31/31
 46222 | Depths:2 | Noticed a golden dragon
 46239 | Depths:2 | Killed a golden dragon
 46240 | Depths:2 | Reached skill level 1 in Evocations
 46536 | Depths:2 | Noticed a juggernaut
 46545 | Depths:2 | Killed a juggernaut
 46729 | Depths:2 | Found a one-way gate to the infinite horrors of the Abyss.
 47192 | Depths:2 | Found a one-way gate leading to the halls of Pandemonium.
 47212 | Depths:2 | Found a one-way gateway to a ziggurat.
 47608 | Depths:3 | Noticed a caustic shrike
 47618 | Depths:2 | Killed a caustic shrike
 48265 | Depths:3 | Gained mutation: You punish those that try to bend your
                  | will. (Will+) [demonic ancestry]
 48265 | Depths:3 | Reached XP level 22. HP: 192/192 MP: 32/32
 48300 | Depths:3 | Found the +1 cloak of Starlight {*Dazzle EV+4 Stlth--}
 48342 | Depths:3 | Identified the +4 flail "Dijor" {drain, *Noise rN+ Str+4}
 48364 | Depths:3 | Found a hide-covered altar of Uskayaw.
 48772 | Depths:3 | Reached skill level 5 in Evocations
 49336 | Depths:4 | Entered Level 4 of the Depths
 49383 | Depths:4 | Found Pacle's Book Emporium.
 49383 | Depths:4 | Found Mifui's Jewellery Boutique.
 49384 | Depths:4 | Found Ocwyiv's Book Emporium.
 49982 | Depths:4 | Noticed Xtahua
 49995 | Depths:4 | Killed Xtahua
 50459 | Depths:4 | Found a gate to the Realm of Zot.
 50971 | D:11     | Bought a potion of mutation for 96 gold pieces
 50971 | D:11     | Bought a potion of resistance for 120 gold pieces
 50971 | D:11     | Bought a potion of mutation for 96 gold pieces
 51021 | D:10     | Bought a potion of heal wounds for 70 gold pieces
 51021 | D:10     | Bought 2 potions of curing for 84 gold pieces
 51021 | D:10     | Bought a potion of ambrosia for 112 gold pieces
 51021 | D:10     | Bought a potion of heal wounds for 70 gold pieces
 51021 | D:10     | Bought a potion of curing for 42 gold pieces
 51102 | Elf:1    | Entered Level 1 of the Elven Halls
 51193 | Elf:1    | Got the Compilation of the Grave
 51529 | Elf:1    | Found a transporter.
 51532 | Elf:1    | Found a bloodstained altar of Trog.
 51538 | Elf:1    | Noticed Sundig's ghost (adept GnFi)
 51539 | Elf:1    | Found a transporter.
 51548 | Elf:1    | Found Rolaizelif's Weapon Shop.
 52005 | Elf:1    | Identified the ring of Juner {Fly Dex-5 SInv Stlth+}
 52202 | Elf:1    | Killed Sundig's ghost
 52219 | Elf:1    | Identified the +2 helmet of the Bruised Xenops {Slay+3}
 52239 | Elf:1    | Identified the staff "Imiery" {Fly rN+ Str+4 SInv Necro}
 52441 | Elf:2    | Found a runed translucent gate.
 52441 | Elf:2    | Found a runed translucent gate.
 52442 | Elf:2    | Found a runed translucent gate.
 52544 | Elf:2    | Got the Catalogue of the Sinister Fifth Circle
 53474 | Elf:2    | Reached skill level 15 in Invocations
 53626 | Elf:3    | Entered Level 3 of the Elven Halls
 54125 | Elf:3    | Noticed Saint Roka
 54149 | Elf:3    | Killed Saint Roka
 54230 | Elf:3    | Reached XP level 23. HP: 200/200 MP: 34/34
 54439 | Elf:3    | Identified the ring "Isuakaam" {Fire rN++ Str-5 Int+2
                  | Stlth+}
 54684 | Elf:3    | Identified the +10 great sword "Meuryk" {freeze, Will+}
 54711 | Elf:3    | Identified the +6 great sword of Qoud {chaos, rC+ Will+
                  | Str+3 Dex-2}
 54847 | Elf:3    | Got the Book of Gusty Reformation
 54852 | Elf:3    | Identified the +2 sling of Upheaval {flame, Str+5}
 54900 | Elf:3    | Identified the +6 hand axe "Tewuatsa" {freeze, rF- rC+
                  | Int+3 Dex+8}
 55859 | Vaults:5 | Entered Level 5 of the Vaults
 55931 | Vaults:5 | Identified the amulet "Nuw Jari" {Acrobat Int+3}
 55943 | Vaults:5 | Reached skill level 15 in Armour
 55952 | Vaults:5 | Noticed a dread lich
 55963 | Vaults:5 | Noticed a dread lich
 55980 | Vaults:5 | Killed a dread lich
 55983 | Vaults:5 | Killed a dread lich
 56153 | Vaults:5 | Identified the +9 mace "Ogrebane" {freeze, rC+}
 56188 | Vaults:5 | Found the ring of the Octopus King {Wiz HP+2 AC+2 EV+2
                  | SH+2}
 56386 | Vaults:5 | Identified the +4 arbalest of Trauma {elec, rElec}
 56471 | Vaults:5 | Identified the +0 pair of gloves "Bohor" {Will+ Int+3
                  | Slay+2}
 56498 | Vaults:5 | Identified the +6 scimitar of Greed {flame, Drain Int+4
                  | SInv}
 56664 | Vaults:5 | Gained mutation: You are resistant to unholy torment.
                  | [demonic ancestry]
 56664 | Vaults:5 | Reached XP level 24. HP: 212/212 MP: 36/36
 56724 | Vaults:5 | Got a silver rune of Zot
 57279 | Vaults:5 | Found Gariet's Antique Weapon Boutique.
 57586 | Vaults:5 | Learned a level 2 spell: Wereblood
 57591 | Vaults:5 | Learned a level 4 spell: Manifold Assault
 57952 | Depths:4 | Bought Maxwell's Memoranda for 494 gold pieces
 57956 | Depths:4 | Learned a level 3 spell: Vhi's Electric Charge
 57961 | Depths:4 | Learned a level 4 spell: Animate Armour
 58374 | Slime:1  | Entered Level 1 of the Pits of Slime
 58556 | Slime:3  | Noticed Dissolution
 58563 | Slime:3  | Killed Dissolution
 58659 | Slime:5  | Entered Level 5 of the Pits of Slime
 58705 | Slime:5  | Noticed the Royal Jelly
 58723 | Slime:5  | Killed the Royal Jelly
 58731 | Slime:5  | Gained mutation: Your body sometimes deteriorates upon
                  | taking damage. [a shining eye]
 58841 | Slime:5  | Found the +8 Vampire's Tooth {megavamp}
 58878 | Slime:5  | Identified the staff "Vohos" {rElec Stlth+ Air}
 58965 | Slime:5  | Identified the +3 battleaxe "Yfeh" {venom, *Noise Will+
                  | rCorr Int+5}
 59004 | Slime:5  | Identified the +5 falchion "Ebewk" {heavy, rN+ rCorr Dex+4}
 59161 | Slime:5  | Identified the +8 spear "Yniff" {freeze, Dex+7}
 59162 | Slime:5  | Got a slimy rune of Zot
 60206 | Zot:1    | Entered Level 1 of the Realm of Zot
 60544 | Vaults:2 | Killed Mennas
 60615 | Crypt:1  | Entered Level 1 of the Crypt
 60949 | Crypt:1  | Noticed a royal mummy
 61796 | Crypt:1  | Killed a royal mummy
 62084 | Crypt:2  | Reached XP level 25. HP: 219/222 MP: 37/37
 63191 | Crypt:3  | Entered Level 3 of the Crypt
 64162 | Crypt:3  | Found a staircase to the Tomb.
 64352 | Crypt:3  | Noticed an ancient lich
 64352 | Crypt:3  | Noticed a dread lich
 64361 | Crypt:3  | Killed a dread lich
 64365 | Crypt:3  | Killed an ancient lich
 64366 | Crypt:3  | Reached skill level 1 in Translocations
 64366 | Crypt:3  | Reached skill level 1 in Air Magic
 64372 | Crypt:3  | Noticed a dread lich
 64382 | Crypt:3  | Killed a dread lich
 64397 | Crypt:3  | Got the Almanac of Iniquitous Mysteries
 64405 | Crypt:3  | Identified the staff of the Spectre {rF- Str+5 Earth}
 64406 | Crypt:3  | Identified the staff "Nevoizop" {Str+3 Int+3 Conj}
 64408 | Crypt:3  | Identified the +5 trident "Meonib" {flame, rElec rN+ Dex+3}
 67033 | Zot:2    | Noticed an orb of fire
 67042 | Zot:2    | Killed an orb of fire
 67131 | Zot:2    | Reached XP level 26. HP: 191/234 MP: 38/38
 68608 | Zot:3    | Noticed an orb of fire
 68611 | Zot:3    | Noticed an orb of fire
 68917 | Hell     | Entered the Vestibule of Hell
 68917 | Hell     | Noticed Geryon
 69135 | Zot:3    | Killed an orb of fire
 69143 | Zot:3    | Killed an orb of fire
 69553 | Zot:3    | Identified the +9 dagger of Hicva {drain, rPois Will+
                  | Int-4}
 69554 | Zot:3    | Got the Almanac of The Black Sun
 69914 | Zot:4    | Reached skill level 5 in Translocations
 71322 | Zot:5    | Entered Level 5 of the Realm of Zot
 72126 | Zot:5    | Learned a level 2 spell: Blink
 72264 | Pan      | Entered Pandemonium
 72266 | Pan      | Noticed Ignacio
 72274 | Pan      | Killed Ignacio
 72960 | Pan      | Reached skill level 10 in Evocations
 72960 | Pan      | Noticed Dusalaka the pandemonium lord
 72974 | Pan      | Killed Dusalaka the pandemonium lord
 73120 | Pan      | Gained mutation: You can hurl damnation. [demonic ancestry]
 73120 | Pan      | Reached XP level 27. HP: 242/242 MP: 39/39
 73225 | Pan      | Noticed Watoy the pandemonium lord
 73254 | Pan      | Killed Watoy the pandemonium lord
 73573 | Pan      | Gained mutation: Your spells are a little easier to cast,
                  | but a little less powerful. [a neqoxec]
 74241 | Depths:4 | Escaped Pandemonium
 75055 | Pan      | Entered Pandemonium
 75055 | Pan      | Found an exit through the horrors of the Abyss.
 75317 | Pan      | Noticed Ucingew the pandemonium lord
 75324 | Pan      | Killed Ucingew the pandemonium lord
 75585 | Pan      | Got a demonic rune of Zot
 77229 | Pan      | Gained mutation: You occasionally lose the ability to read
                  | scrolls when taking damage. [a cacodemon]
 77230 | Pan      | Gained mutation: You are very dopey. (Int -4) [a cacodemon]
 77402 | Pan      | Noticed Jemubyl the pandemonium lord
 77409 | Pan      | Killed Jemubyl the pandemonium lord
 77493 | Pan      | Found an exit through the horrors of the Abyss.
 78392 | Pan      | Noticed Lifugeun the pandemonium lord
 78400 | Pan      | Killed Lifugeun the pandemonium lord
 78450 | Pan      | Found an opulent altar of Gozag.
 78451 | Pan      | Found Lifugeun's Infernal Boutique.
 78469 | Pan      | Reached skill level 27 in Invocations
 78643 | Pan      | Found Lifugeun's Rarities Outlet.
 78652 | Pan      | Found Lifugeun's Fine Accessories.
 78665 | Pan      | Found an opulent altar of Gozag.
 78675 | Pan      | Found Lifugeun's Exquisite Manuscripts.
 78683 | Pan      | Found an opulent altar of Gozag.
 78764 | Pan      | Bought 2 scrolls of revelation for 225 gold pieces
 78764 | Pan      | Bought a scroll of fog for 60 gold pieces
 78764 | Pan      | Bought a scroll of revelation for 112 gold pieces
 78781 | Pan      | Bought a wand of light (7) for 382 gold pieces
 78781 | Pan      | Bought a wand of roots (7) for 218 gold pieces
 78781 | Pan      | Bought a wand of light (6) for 327 gold pieces
 78781 | Pan      | Bought a wand of light (3) for 163 gold pieces
 78781 | Pan      | Bought a wand of light (2) for 109 gold pieces
 78781 | Pan      | Bought a wand of paralysis (6) for 187 gold pieces
 79538 | Pan      | Entered the realm of Mnoleg.
 79585 | Pan      | Gained mutation: Your spells are easier to cast, but less
                  | powerful. [a neqoxec]
 79606 | Pan      | Identified the ring of Naecsycs {+Blink rElec rPois Dex-4
                  | Stlth+}
 79740 | Pan      | Gained mutation: Your body often deteriorates upon taking
                  | damage. [a neqoxec]
 79742 | Pan      | Gained mutation: You have hidden genetic defects. [a
                  | neqoxec]
 79745 | Pan      | Gained mutation: You are clumsy. (Dex -2) [a cacodemon]
 79756 | Pan      | Noticed Mnoleg
 79757 | Pan      | Gained mutation: Your magical capacity is low. (-10% MP) [a
                  | cacodemon]
 79759 | Pan      | Killed Mnoleg
 79759 | Pan      | Gained mutation: You do not regenerate when monsters are
                  | visible. [a cacodemon]
 79775 | Pan      | Got a glowing rune of Zot
 79779 | Pan      | Gained mutation: You sometimes lose your temper in combat.
                  | [a neqoxec]
 79803 | Pan      | Lost mutation: Your magical capacity is low. (-10% MP)
                  | [potion of mutation]
 79803 | Pan      | Lost mutation: You are very dopey. (Int -4) [potion of
                  | mutation]
 79803 | Pan      | Lost mutation: Your flesh is heat resistant. (rF+) [potion
                  | of mutation]
 79804 | Pan      | Lost mutation: You expend magic power (3 MP) to strengthen
                  | your wands. [potion of mutation]
 79804 | Pan      | Lost mutation: Your spells are easier to cast, but less
                  | powerful. [potion of mutation]
 79804 | Pan      | Lost mutation: You have hidden genetic defects. [potion of
                  | mutation]
 79805 | Pan      | Lost mutation: You are clumsy. (Dex -2) [potion of
                  | mutation]
 79805 | Pan      | Lost mutation: You are dopey. (Int -2) [potion of mutation]
 79805 | Pan      | Lost mutation: Your flesh is cold resistant. (rC+) [potion
                  | of mutation]
 79805 | Pan      | Lost mutation: You do not regenerate when monsters are
                  | visible. [potion of mutation]
 79805 | Pan      | Gained mutation: Your natural rate of healing is unusually
                  | fast. [potion of mutation]
 79957 | Pan      | Gained mutation: Potions are less effective at restoring
                  | your health. [a cacodemon]
 80029 | Pan      | Found an exit through the horrors of the Abyss.
 80145 | Pan      | Found a transporter.
 80510 | Pan      | Found a transporter.
 80518 | Pan      | Lost mutation: You sometimes lose your temper in combat.
                  | [potion of mutation]
 80518 | Pan      | Lost mutation: Your body often deteriorates upon taking
                  | damage. [potion of mutation]
 80518 | Pan      | Lost mutation: Your natural rate of healing is unusually
                  | fast. [potion of mutation]
 80518 | Pan      | Gained mutation: You have hidden genetic defects. [potion
                  | of mutation]
 80518 | Pan      | Gained mutation: You have sharp toenails. [potion of
                  | mutation]
 80518 | Pan      | Gained mutation: You have a pair of small horns on your
                  | head. [potion of mutation]
 80519 | Pan      | Lost mutation: Potions are less effective at restoring your
                  | health. [potion of mutation]
 80519 | Pan      | Lost mutation: You have a pair of small horns on your head.
                  | [potion of mutation]
 80519 | Pan      | Lost mutation: You occasionally lose the ability to read
                  | scrolls when taking damage. [potion of mutation]
 80519 | Pan      | Gained mutation: You sometimes lose your temper in combat.
                  | [potion of mutation]
 80519 | Pan      | Gained mutation: You are clumsy. (Dex -2) [potion of
                  | mutation]
 80519 | Pan      | Lost mutation: You have hidden genetic defects. [potion of
                  | mutation]
 80519 | Pan      | Gained mutation: You passively dampen the noise of your
                  | surroundings. [potion of mutation]
 80546 | Pan      | Gained mutation: You are vulnerable to cold. (rC-) [a
                  | cacodemon]
 80554 | Pan      | Gained mutation: You are weak. (Str -2) [a cacodemon]
 80576 | Pan      | Identified the ring of Lust {rC+ rN+ Slay+2}
 80597 | Pan      | Identified the ring of Modesty {rElec rC+ MP+9}
 80609 | Pan      | Identified the +10 dagger of Blood-Lust {freeze, rF+ rC+}
 80614 | Pan      | Identified the ring "Taerumne" {Drain rCorr EV+5 Str+3
                  | Dex+6}
 80668 | Pan      | Lost mutation: You are clumsy. (Dex -2) [potion of
                  | mutation]
 80668 | Pan      | Lost mutation: Your spells are a little easier to cast, but
                  | a little less powerful. [potion of mutation]
 80668 | Pan      | Lost mutation: You passively dampen the noise of your
                  | surroundings. [potion of mutation]
 80668 | Pan      | Gained mutation: Your movements are slightly less
                  | encumbered by armour. (ER -2) [potion of mutation]
 80668 | Pan      | Lost mutation: You are weak. (Str -2) [potion of mutation]
 80668 | Pan      | Gained mutation: You are somewhat resistant to further
                  | mutation. [potion of mutation]
 80988 | Pan      | Noticed Iluik the pandemonium lord
 80998 | Pan      | Identified the +2 scale mail of the Unbroken {SInv}
 81066 | Pan      | Identified the +5 tower shield of Wariness {rElec}
 81282 | Pan      | Identified the +1 pair of gloves of Vlad {rElec Will+
                  | Regen+}
 81634 | Pan      | Reached skill level 10 in Translocations
 81736 | Pan      | Identified the +5 ring mail of Inquiry {+Blink rN+}
 82181 | Pan      | Identified the +8 scale mail of the Loofah {Str+5}
 83764 | Pan      | Noticed a seraph
 83781 | Pan      | Killed a seraph
 83868 | Pan      | Got the Anthology of the Lofty Inferno
 83871 | Pan      | Identified the +5 battleaxe of the Maze {elec, rN+ Int+3}
 84096 | Pan      | Reached skill level 27 in Fighting
 84127 | Pan      | Entered the realm of Cerebov.
 84352 | Pan      | Identified the +4 falchion "Curghaiv" {venom, Dex+3}
 84352 | Pan      | Identified the ring of Paranoia {Wiz rPois rF- rCorr SInv}
 84420 | Pan      | Identified the ring "Ymuoriec" {rPois rF+ rC+ Str-5}
 84467 | Pan      | Found the +6 sword of Cerebov {flame}
 84467 | Pan      | Noticed Cerebov
 84486 | Pan      | Killed Cerebov
 84657 | Pan      | Identified the staff "Vomo" {rF+ Will- Str+4 Dex+3 Fire}
 84690 | Pan      | Got a fiery rune of Zot
 84719 | Pan      | Identified the +0 leather armour "Firosk" {rPois Int+2
                  | Stlth+}
 84721 | Pan      | Identified the +5 leather armour of Jiahaxum {rN++ Dex+4
                  | Stlth-}
 84743 | Pan      | Identified the +8 flail of Ogodwiu {pain, *Slow rCorr Str+3
                  | Dex+4 Stlth+}
 84760 | Pan      | Identified the +6 short sword of the Bursting Gnat {freeze,
                  | *Corrode rElec rPois Will++}
 85915 | Pan      | Entered the realm of Lom Lobon.
 86075 | Pan      | Noticed Lom Lobon
 86087 | Pan      | Killed Lom Lobon
 86101 | Pan      | Got a magical rune of Zot
 87185 | Pan      | Found an exit through the horrors of the Abyss.
 87647 | Pan      | Noticed Xodir the pandemonium lord
 87651 | Pan      | Killed Xodir the pandemonium lord
 88432 | Pan      | Noticed Neowodye the pandemonium lord
 88446 | Pan      | Killed Neowodye the pandemonium lord
 89539 | Pan      | Noticed Qoyquocsuz the pandemonium lord
 89549 | Pan      | Killed Qoyquocsuz the pandemonium lord
 89916 | Pan      | Reached skill level 1 in Spellcasting
 90087 | Pan      | Found an exit through the horrors of the Abyss.
 90798 | Depths:2 | Escaped Pandemonium
 91057 | Vaults:2 | You paid a toll of +4 fire dragon scales to enter a
                  | treasure trove
 91058 | Trove    | Entered a treasure trove
 91061 | Trove    | Found the +4 skin of Zhor {*Englaciate rC+++ SInv}
 91061 | Trove    | Found the +3 pair of mountain boots {steadfast, rC+}
 91062 | Trove    | Found the +2 cloak of the Thief {*Fog Slay-2 SInv Stlth+}
 91099 | Trove    | Identified the +5 kite shield of Trumpets {Contam rElec rF+
                  | rN+++}
 91103 | Trove    | Identified the +0 cloak "Koacekhu" {rPois Regen+ rCorr
                  | Str-3}
 91105 | Trove    | Identified the +1 chain mail "Suamurog" {Will+ Slay+2
                  | Stlth-}
 91107 | Trove    | Identified the +7 crystal plate armour of Unreason {+Blink
                  | rPois Dex+3 Stlth-}
 91122 | Trove    | Identified the scarf of Xanenwekh {+Inv, rPois Will+++
                  | Dex-3 Stlth+}
 91123 | Trove    | Identified the +1 buckler of the Planets {Regen+}
 91124 | Trove    | Identified the scarf of Jigumaux {+Inv, Dex+2}
 91125 | Trove    | Identified the +3 pair of boots of Blue Skies {rC++ rN+}
 91134 | Trove    | Identified the +4 ring mail of the Baleful God {Int+5}
 91363 | Vaults:3 | Bought a glowing scarf for 800 gold pieces
 91593 | Depths:2 | Voluntarily entered the Abyss.
 91593 | Abyss:3  | Found a corrupted altar of Lugonu.
 91622 | Abyss:3  | Found a corrupted altar of Lugonu.
 91660 | Abyss:3  | Got an abyssal rune of Zot
 91683 | Abyss:3  | Found a corrupted altar of Lugonu.
 91687 | Abyss:3  | Found a corrupted altar of Lugonu.
 91727 | Abyss:3  | Found a corrupted altar of Lugonu.
 92009 | Depths:2 | Escaped the Abyss
 92047 | Depths:2 | Lost mutation: You are somewhat resistant to further
                  | mutation. [potion of mutation]
 92047 | Depths:2 | Lost mutation: Your movements are slightly less encumbered
                  | by armour. (ER -2) [potion of mutation]
 92047 | Depths:2 | Lost mutation: You are vulnerable to cold. (rC-) [potion of
                  | mutation]
 92047 | Depths:2 | Gained mutation: You are agile. (Dex +4, Str/Int -1)
                  | [potion of mutation]
 92048 | Depths:2 | Lost mutation: You passively map a small area around you.
                  | [potion of mutation]
 92048 | Depths:2 | Lost mutation: You have sharp toenails. [potion of
                  | mutation]
 92048 | Depths:2 | Gained mutation: Your spells are a little harder to cast,
                  | but a little more powerful. [potion of mutation]
 92048 | Depths:2 | Gained mutation: You occasionally lose the ability to read
                  | scrolls when taking damage. [potion of mutation]
 92048 | Depths:2 | Gained mutation: Your muscles are strong. (Str +4, Int/Dex
                  | -1) [potion of mutation]
 92048 | Depths:2 | Gained mutation: You are robust. (+10% HP) [potion of
                  | mutation]
 92054 | Depths:2 | Lost mutation: You are agile. (Dex +4, Str/Int -1) [potion
                  | of mutation]
 92054 | Depths:2 | Lost mutation: Your muscles are strong. (Str +4, Int/Dex
                  | -1) [potion of mutation]
 92054 | Depths:2 | Lost mutation: You are robust. (+10% HP) [potion of
                  | mutation]
 92054 | Depths:2 | Gained mutation: You have an increased reservoir of magic.
                  | (+10% MP) [potion of mutation]
 92055 | Depths:2 | Lost mutation: Your spells are a little harder to cast, but
                  | a little more powerful. [potion of mutation]
 92055 | Depths:2 | Lost mutation: You have an increased reservoir of magic.
                  | (+10% MP) [potion of mutation]
 92055 | Depths:2 | Gained mutation: You are resistant to electric shocks.
                  | (rElec) [potion of mutation]
 92055 | Depths:2 | Gained mutation: You have sharp toenails. [potion of
                  | mutation]
 92171 | Hell     | Reached skill level 5 in Air Magic
 92177 | Hell     | Reached skill level 15 in Evocations
 92199 | Hell     | Killed Geryon
 92200 | Hell     | Reached skill level 5 in Spellcasting
 92217 | Hell     | Found a gateway to the decaying netherworld of Tartarus.
 92324 | Hell     | Found a gateway to the ashen valley of Gehenna.
 92566 | Hell     | Found a gateway to the freezing wastes of Cocytus.
 92849 | Coc:1    | Entered Level 1 of Cocytus
 92955 | Hell     | Found a gateway to the Iron City of Dis.
 93030 | Dis:1    | Entered Level 1 of the Iron City of Dis
 93076 | Dis:1    | Reached skill level 27 in Unarmed Combat
 93175 | Dis:1    | You fall into a shaft and drop 1 floor!
 93611 | Dis:6    | Reached skill level 10 in Dodging
 93868 | Dis:7    | Entered Level 7 of the Iron City of Dis
 94287 | Dis:7    | Noticed the Serpent of Hell
 94327 | Dis:7    | Killed the Serpent of Hell
 95073 | Dis:7    | Noticed a juggernaut
 95088 | Dis:7    | Killed a juggernaut
 95238 | Dis:7    | Identified the ring "Woveedopt" {Ice +Blink rN+ Str-2
                  | Dex+2}
 95238 | Dis:7    | Noticed Dispater
 95258 | Dis:7    | Killed Dispater
 95274 | Dis:7    | Identified the +1 scale mail "Foun" {rC+ Dex-4 Slay+2}
 95278 | Dis:7    | Got an iron rune of Zot
 95322 | Dis:7    | Got Haughu Aqov's Last Chronicle of the Consilium Hierarch
 97361 | Coc:7    | Entered Level 7 of Cocytus
 97785 | Coc:7    | Paralysed by a wendigo for 1 turns
 97790 | Coc:7    | Reached skill level 15 in Dodging
 98037 | Coc:7    | Found the +10 morningstar "Eos" {elec, Halo rElec}
 98996 | Coc:7    | Identified the ring "Puv Amoi" {rPois Str+2 Stlth+}
 98996 | Coc:7    | Noticed Antaeus
 99010 | Coc:7    | Killed Antaeus
 99020 | Coc:7    | Got an icy rune of Zot
 99428 | Geh:1    | Entered Level 1 of Gehenna
100557 | Geh:7    | Entered Level 7 of Gehenna
101188 | Geh:7    | Found the +13 sceptre of Asmodeus
101188 | Geh:7    | Noticed Asmodeus
101201 | Geh:7    | Killed Asmodeus
101256 | Geh:7    | Got an obsidian rune of Zot
101978 | Geh:7    | Identified the +7 broad axe of Ejuptuext {venom, rPois
                  | SInv}
101991 | Geh:7    | Identified the ring of Quisyeno {Fly Will+ Str-5 Int+4
                  | Slay+4}
102731 | Tar:1    | Entered Level 1 of Tartarus
102830 | Tar:4    | You fall into a shaft and drop 2 floors!
103118 | Tar:7    | Entered Level 7 of Tartarus
103351 | Tar:7    | Noticed an ancient lich
103351 | Tar:7    | Noticed a dread lich
103352 | Tar:7    | Noticed a dread lich
103355 | Tar:7    | Killed an ancient lich
103359 | Tar:7    | Killed a dread lich
103362 | Tar:7    | Killed a dread lich
103554 | Tar:7    | Identified the -2 helmet of the Original Sin {Rampage rN+}
103558 | Tar:7    | Identified the +1 falchion of the Onslaught {vamp, Str+3}
103903 | Tar:7    | Noticed Ereshkigal
104128 | Tar:7    | Killed Ereshkigal
104129 | Tar:7    | Reached skill level 27 in Armour
104169 | Tar:7    | Got a bone rune of Zot
104521 | Tar:7    | Reached skill level 5 in Necromancy
104584 | Tar:7    | Identified the +3 scale mail of Duck's Teeth {rN+ Will-
                  | Int+2 Slay+5}
104596 | Tar:7    | Reached skill level 10 in Necromancy
104609 | Tar:7    | Got the Octavo of the Variable Swarm
104777 | Tar:7    | Identified the +0 cloak of Dust Devil {rElec Will- Str+6}
104780 | Tar:7    | Identified the +0 helmet of the Lute {rC+ Will+ rCorr
                  | Dex-5}
104782 | Tar:7    | Identified the ring "Zayc" {rPois rC+++ Will+ Int-3 Dex+3}
104784 | Tar:7    | Identified the +0 ring mail of Ifererph {Str+2}
105085 | Tar:7    | Identified the staff "Gapitu" {rPois rC+ rN+ Int+3 Necro
                  | Fire}
105740 | Pan      | Entered the realm of Gloorx Vloq.
105740 | Pan      | Entered Pandemonium
107179 | Pan      | Noticed Gloorx Vloq
107185 | Pan      | Killed Gloorx Vloq
107203 | Pan      | Got a dark rune of Zot
107244 | Pan      | Learned a level 3 spell: Gell's Gravitas
107251 | Pan      | Learned a level 6 spell: Dispersal
107349 | Depths:2 | Escaped Pandemonium
107776 | Tomb:1   | Entered Level 1 of the Tomb of the Ancients
107861 | Tomb:1   | Reached skill level 15 in Translocations
108162 | Tomb:1   | Upgraded the game from 0.31-a0-590-g8a5a4361df to
                  | 0.31-a0-596-g831eee08f1
108163 | Tomb:1   | Noticed a royal mummy
108165 | Tomb:1   | Noticed a royal mummy
108175 | Tomb:1   | Killed a royal mummy
108176 | Tomb:1   | Killed a royal mummy
108596 | Tomb:1   | Identified the +0 shortbow "Qogim" {heavy, Drain rCorr
                  | Int+5 Stlth+}
108750 | Tomb:2   | Noticed a royal mummy
108776 | Tomb:2   | Noticed a royal mummy
108786 | Tomb:2   | Killed a royal mummy
108793 | Tomb:2   | Noticed a royal mummy
108799 | Tomb:2   | Noticed a royal mummy
108801 | Tomb:2   | Noticed a royal mummy
108803 | Tomb:2   | Killed a royal mummy
108806 | Tomb:2   | HP: 7/249 [smoke demon/divine providence[a mummy priest]
                  | (11)]
108812 | Tomb:2   | Killed a royal mummy
108812 | Tomb:2   | Killed by something's death curse

Illustrated notes

Levels and vault maps discovered:
D:1:      minmay_arrival_widening_spiral_wide, layout_basic
D:2:      layout_basic, basic_altar, kennysheep_generic_room_7
D:3:      layout_rooms, shapermc_ecumenical_altar_hornbeckon,
          uniq_crazy_yiuf_cottage
D:4:      layout_loops_cross, uniq_robin
D:5:      layout_basic, minmay_lizard_king
D:6:      layout_cave_pools, mainiacjoe_overflow_brackets,
          minmay_temple_entry_fiery, due_unseen_surprise, uniq_sigmund,
          uniq_maggie, uniq_jeremiah
D:7:      minmay_chambers_of_sevens, layout_basic, mainiacjoe_overflow_paths,
          gammafunk_temple_overflow_claw, serial_shops, kennysheep_little_box,
          uniq_prince_ribbit1
D:8:      layout_gridville, xom_shifter_show,
          nicolae_wu_jian_immortal_techniques, lair_entry_dummy,
          hellmonk_scale_shop
D:9:      minmay_general_purpose_star, layout_loops_ring,
          mainiacjoe_overflow_surrounded_room, zombieorc2_lemuel,
          enter_bailey_4, minivault_15
D:10:     layout_layer_cave, amcnicky_altar_gilded, serial_shops, shop,
          nicolae_shop_behind_doors, shop, shop, minmay_statue_crystal_thing,
          uniq_psyche
D:11:     layout_loops_ring, serial_shops, shop
D:12:     hourglass_vault, layout_basic, uniq_urug
D:13:     layout_loops_ring, nicolae_twisty_statue_hallways
D:14:     layout_loops_ring, lightli_vaults_fourway_checkpoint,
          kennysheep_crisscross, uniq_kirke
D:15:     hangedman_depths_entry_try_elsewhere_first, layout_loops_corners,
          maelrawn_ghost_gauntlet_escape, minivault_19
Temple:   nicolae_temple_figure_eight
Lair:1:   layout_cave_pods, serial_forest, infiniplex_forest_fountain,
          infiniplex_forest_end_1, infiniplex_forest_lined_2,
          infiniplex_forest_lined_1, infiniplex_forest_end_1,
          infiniplex_forest_end_2, infiniplex_forest_lined_ring,
          serial_bayou_shore_b, serial_bayou_shore_b, grunt_megastairs_3
Lair:2:   layout_small_grid, serial_bayou_ford_a
Lair:3:   layout_cave_pods, palyth_hydra_swamp_entry, spider_nest_entry_rubble,
          minivault_11, uniq_amaemon, uniq_nergalle
Lair:4:   layout_layer_cave, kennysheep_basilisk_garden, grunt_megastairs_5
Lair:5:   evil_forest, layout_cave_pods, dpeg_slime_entry_corner,
          lemuel_centaur_altar, infiniplex_staircase_pool
Swamp:1:  nicolae_swamp_ascending_descending, layout_basic_swamp,
          serial_swamp_ruin, evilmike_swamp_ruin_house_2,
          evilmike_swamp_ruin_house_6
Swamp:2:  layout_basic_swamp, evilmike_swamp_ruin_house_5,
          nicolae_swamp_snake_nest
Swamp:3:  layout_basic_swamp, nicolae_swamp_little_swirl,
          nicolae_swamp_frolicking_bunyips
Swamp:4:  swamp_icy, layout_basic_swamp
Spider:1: layout_spider_delve, hangedman_spider_tarantella_strand
Spider:2: layout_spider_delve
Spider:3: layout_spider_delve
Spider:4: hellmonk_spider_rune_endless_swarm
Slime:1:  layout_caves
Slime:2:  layout_caves
Slime:3:  layout_caves, nicolae_slime_rock_hall_of_fame, uniq_dissolution
Slime:4:  layout_caves
Slime:5:  slime_pit_nicolae_amoeboid
Orc:1:    layout_caves, basic_altar, minmay_orc_temple_c
Orc:2:    st_orc_rangers, layout_caves, serial_shops,
          nicolae_shop_real_fake_doors
Elf:1:    layout_geoelf_diagonals, gammafunk_ghost_wrathful_warriors,
          serial_shops, shop, minmay_elf_necromancy
Elf:2:    elven_hall_of_blades_hangedman_original
          [nicolae_blade_entry_sentries_behind_glass], layout_loops_cross,
          guppyfry_elf_castle
Elf:3:    minmay_elf_hall_furrowed, layout_geoelf_castle, serial_corexii_hall,
          corexii_hall_statues_u, corexii_hall_statues_t, uniq_saint_roka
Vaults:1: nicolae_vaults_network_periphery, v_misc_11, hangedman_vaults_hat,
          nicolae_vaults_circle_grid_b, v_misc_26,
          nicolae_vaults_bisected_exclaves, dpeg_vaults_monster_box,
          layout_vaults_omnigrid, uniq_nikola
Vaults:2: hellmonk_ghost_happy_afterlife, ontoclasm_vaults_misaligned,
          nicolae_vaults_doubleplus_tesselated,
          vaults_standard_mumra_enter_the_diamond, nicolae_vaults_network_star,
          vaults_room_boxed, hangedman_vaults_stretched_pinwheel,
          nicolae_vaults_heist, nicolae_vaults_weapon_check,
          vaults_dpeg_diagonal, nicolae_vaults_little_squares_1,
          vaults_mumra_lcd, layout_vaults_maze_snakey, serial_shops, shop,
          nicolae_trove_entry_crossroad, uniq_mara, uniq_sojobo
Vaults:3: nicolae_vaults_wine_cellar, minmay_crypt_entry_necro_gods,
          kennysheep_vaults_gozag_temple, ontoclasm_vaults_gateway, v_misc_23,
          vaults_room_stairs_pillars, nicolae_vaults_tetromino_L_2,
          ontoclasm_vaults_fault, nicolae_vaults_theta, v_misc_22,
          nicolae_vaults_sesquioval_fish, ontoclasm_vaults_shuriken,
          vaults_room_corners, v_pattern_4, layout_vaults_big_cross, uniq_mennas
Vaults:4: nicolae_vaults_mitosis, hangedman_vaults_nodes,
          nicolae_vaults_house_3, vaults_standard_mumra_lines,
          nicolae_vaults_tangram_1, v_misc_28, v_misc_12, ontoclasm_vaults_spin,
          vaults_dpeg_cross, v_misc_15, nicolae_vaults_diamond_1,
          layout_vaults_omnibox, serial_shops, nicolae_book_shop_shelving,
          uniq_aizul
Vaults:5
Crypt:1:  lemuel_minitomb, layout_catacombs
Crypt:2:  layout_basic
Crypt:3:  david_glass_crypt, layout_gridlike, nicolae_tomb_entry_grand_gallery
Tomb:1
Tomb:2
Depths:1: minmay_roctagon, layout_cave_pools, grunt_hell_entry_dis_grunt,
          minmay_misc_feat_doors, firewood_loft
Depths:2: grunt_runaround [grunt_runaround_doors_1, grunt_runaround_doors_2,
          grunt_runaround_doors_3, grunt_runaround_doors_4,
          grunt_runaround_loot], hell_entry, pan_entry, abyss_entry
Depths:3: minmay_the_grid_octo_tiled_octocenter_mashed
          [minmay_the_grid_octo_teeth, minmay_the_grid_octo_horde,
          minmay_the_grid_octo_thin_diamonds, minmay_the_grid_octo_clover_2,
          minmay_the_grid_octo_prize_star, minmay_the_grid_square_5x5_shrine1,
          minmay_the_grid_square_5x5_almost_minimal,
          minmay_the_grid_square_5x5_lines, minmay_the_grid_square_5x5_shrine2],
          layout_gridville, abyss_entry_small_statue_room, hell_entry,
          minmay_misc_feat_plants, infiniplex_staircase_diamond
Depths:4: grunt_zot_entry_hairpin, layout_cave_shapes, pan_entry, hell_entry,
          minmay_shop_grove, serial_bayou_shore_b, uniq_xtahua
Hell
Dis:1:    layout_subdivisions, nicolae_dis_having_a_grate_time
Dis:2:    layout_gridville
Dis:3:    layout_overlapping_boxes
Dis:4:    layout_regular_city
Dis:5:    layout_regular_city
Dis:6:    nicolae_dis_hell_of_blades
Dis:7:    dis_hangedman
Geh:1:    layout_gehenna_lava_caves, nicolae_hells_seeping_fissure
Geh:2:    layout_gehenna_lava_caves
Geh:3:    layout_gehenna_pools_triple, nicolae_geh_amphitheater
Geh:4:    layout_gehenna_pools_basic
Geh:5:    layout_gehenna_pools_basic
Geh:6:    nicolae_geh_erupted_tower, layout_gehenna_pools_triple,
          minmay_fire_ice_demons
Geh:7:    evilmike_geh
Coc:1:    layout_ice_bergs
Coc:2:    layout_ice_bergs
Coc:3:    layout_ice_bergs
Coc:4:    layout_ice_bergs
Coc:5:    layout_ice_bergs
Coc:6:    layout_ice_bergs
Coc:7:    coc_mu
Tar:1:    layout_grid_maze
Tar:2:    layout_grid_maze
Tar:3:    layout_grid_maze, nicolae_tar_cuneiform_bread, evilmike_ambush
          [evilmike_ambush_outer_pillars, evilmike_ambush_inner_wall_2]
Tar:4:    layout_cathedral_of_symmetry
Tar:6:    layout_cathedral_of_symmetry
Tar:7:    tar_old
Zot:1:    layout_basic, grunt_megastairs_4
Zot:2:    layout_basic
Zot:3:    dreamdust_black_sun_cult, layout_onion
Zot:4:    layout_onion_interference
Zot:5:    layout_basic

Skill      XL: |  1  2  3  4  5  6  7  8  9 10 11 12 13 14 15 16 17 18 19 20 21 22 23 24 25 26 27 |
---------------+----------------------------------------------------------------------------------+-----
Dodging        | 2 3 4 5 6 7 8 9 18 | 18.7
Unarmed Combat | 3 4 5 7 8 10 12 13 15 16 17 18 19 20 21 22 27 | 27.0
Shapeshifting  | 3 4 5 6 7 8 9 10 12 13 14 16 17 18 | 18.0
Fighting       | 2 3 4 5 6 7 9 12 14 15 16 18 19 20 21 22 23 24 25 27 | 27.0
Invocations    | 5 9 12 14 15 18 21 23 25 27 | 27.0
Armour         | 5 8 9 11 12 13 14 15 16 17 27 | 27.0
Evocations     | 4 7 8 10 22 | 22.9
Translocations | 3 6 16 | 16.7
Air Magic      | 3 4 6 |  6.1
Spellcasting   | 6 |  6.2
Necromancy     | 13 | 13.4

Action                     |  1- 3 |  4- 6 |  7- 9 | 10-12 | 13-15 | 16-18 | 19-21 | 22-24 | 25-27 || total
---------------------------+-------+-------+-------+-------+-------+-------+-------+-------+-------++-------
  Melee: Unarmed           |   126 |    29 |    54 |   647 |   928 |  1398 |  1028 |  1026 |  4623 ||  9859
         Punch             |     2 |     2 |       |       |       |       |   116 |   134 |   899 ||  1153
         Kick              |       |     3 |    33 |   152 |       |       |       |       |       ||   188
         Touch             |       |     1 |    13 |   168 |   235 |   354 |   221 |   213 |   892 ||  2097
         Great sword       |       |       |    42 |       |       |       |       |       |       ||    42
   Fire: Longbow           |       |   101 |    85 |       |       |       |       |       |       ||   186
   Cast: Vhi's Electric Ch |       |       |       |       |       |       |       |       |   154 ||   154
         Manifold Assault  |       |       |       |       |       |       |       |       |     7 ||     7
         Wereblood         |       |       |       |       |       |       |       |       |     2 ||     2
 Invoke: Upheaval          |       |       |       |     3 |    10 |    30 |     3 |    29 |    58 ||   133
         Disaster Area     |       |       |       |       |       |     1 |     2 |     2 |    14 ||    19
         Elemental Force   |       |       |       |       |       |       |     1 |     1 |     2 ||     4
Ability: Begin Untransform |       |     1 |       |     1 |       |       |       |       |       ||     2
         Hurl Damnation    |       |       |       |       |       |       |       |       |     2 ||     2
         Evoke Blink       |       |       |       |       |       |       |       |       |     1 ||     1
  Evoke: Wand              |       |       |     1 |       |       |     2 |     7 |     1 |    35 ||    46
         Tin of tremorston |       |       |       |       |       |       |     1 |       |       ||     1
         Phantom mirror    |       |       |       |       |       |       |       |     1 |     1 ||     2
         Phial of floods   |       |       |       |       |       |       |       |     1 |       ||     1
    Use: Scroll            |       |     3 |     8 |     9 |     7 |     5 |     3 |     4 |    16 ||    55
         Potion            |       |     3 |       |     3 |     4 |     6 |     9 |     4 |    46 ||    75
   Stab: Sleeping          |     2 |       |       |       |       |       |       |       |       ||     2
         Paralysed         |       |       |       |       |       |       |     2 |       |       ||     2
         Invisible         |       |       |       |       |       |       |       |    11 |    36 ||    47
         Distracted        |       |       |       |       |       |       |       |     1 |     1 ||     2
 Armour: Animal skin       |    16 |       |       |       |       |       |       |       |       ||    16
         Chain mail        |       |   100 |    81 |   208 |   118 |       |   372 |   291 |       ||  1170
         Robe              |       |       |       |       |   156 |       |       |       |       ||   156
         Crystal plate arm |       |       |       |       |    25 |   870 |    68 |       |  1178 ||  2141
         Pearl dragon scal |       |       |       |       |       |       |       |    70 |   722 ||   792
         Skin              |       |       |       |       |       |       |       |       |     1 ||     1
  Dodge: Dodged            |    54 |    43 |   107 |   377 |   710 |   705 |   535 |   573 |  2746 ||  5850
         Repelled          |       |       |       |     3 |     9 |    13 |    20 |    31 |   112 ||   188
  Block: Other             |     9 |    21 |    32 |   207 |   487 |   894 |   431 |   412 |  2077 ||  4570
   Form: Flux              |       |       |     1 |     1 |       |       |       |       |       ||     2
         Blade             |       |       |       |       |       |       |     1 |       |       ||     1

Table legend: (Time is in decaauts)
 A = Elapsed time spent in this place.
 B = Non-inter-level travel time spent in this place.
 C = Inter-level travel time spent in this place.
 D = Time resting spent in this place.
 E = Time spent auto-exploring this place.
 F = Levels seen in this place.
 G = Mean time per level.
                   A        B        C        D        E       F      G
               +--------+--------+--------+--------+--------+-----+--------+
         Total | 106677 |  95148 |  11529 |  13248 |  56243 | 107 |  997.0 |
       Dungeon |  19123 |  15342 |   3781 |    777 |  11281 |  15 | 1274.9 |
        Temple |    151 |    133 |     18 |    127 |      0 |   1 |  151.0 |
          Lair |   7918 |   6938 |    980 |    640 |   5418 |   5 | 1583.6 |
         Swamp |   3393 |   3193 |    200 |    405 |   1921 |   4 |  848.2 |
   Spider Nest |   6124 |   5837 |    287 |   1463 |   3337 |   4 | 1531.0 |
    Slime Pits |   1222 |   1187 |     35 |     66 |    489 |   5 |  244.4 |
  Orcish Mines |   1377 |   1124 |    253 |     28 |    696 |   2 |  688.5 |
   Elven Halls |   4310 |   4191 |    119 |    357 |   2797 |   3 | 1436.7 |
        Vaults |  10463 |   8738 |   1725 |   1121 |   5500 |   5 | 2092.6 |
         Crypt |   4110 |   3554 |    556 |    282 |   2513 |   3 | 1370.0 |
          Tomb |   1043 |    971 |     72 |     52 |    571 |   2 |  521.5 |
        Depths |   8556 |   6174 |   2382 |   1357 |   3534 |   4 | 2139.0 |
          Hell |   1282 |   1161 |    121 |    322 |    187 |   1 | 1282.0 |
           Dis |   2444 |   2366 |     78 |    596 |    658 |   7 |  349.1 |
       Gehenna |   2514 |   2439 |     75 |    754 |    459 |   7 |  359.1 |
       Cocytus |   3749 |   3444 |    305 |   1143 |    729 |   7 |  535.6 |
      Tartarus |   2298 |   2143 |    155 |    773 |    660 |   6 |  383.0 |
           Zot |   6613 |   6235 |    378 |    800 |   4484 |   5 | 1322.6 |
         Abyss |    827 |    827 |      0 |    298 |     46 |   3 |  275.7 |
   Pandemonium |  18843 |  18843 |      0 |   1881 |  10913 |  16 | 1177.7 |
         Trove |    119 |    119 |      0 |      0 |      0 |   1 |  119.0 |
        Bailey |    189 |    189 |      0 |      0 |     46 |   1 |  189.0 |
               +--------+--------+--------+--------+--------+-----+--------+

Top non-repeatable levels by time:
Vaults:1: 3100 daAuts
Depths:2: 2768 daAuts
Vaults:2: 2619 daAuts
Depths:4: 2451 daAuts
   Coc:7: 2066 daAuts
     D:9: 2049 daAuts
  Lair:5: 1961 daAuts
   Tar:7: 1954 daAuts
   Zot:2: 1947 daAuts
Depths:1: 1881 daAuts
Vaults:3: 1851 daAuts
Spider:3: 1841 daAuts
    D:10: 1820 daAuts
   Elf:3: 1804 daAuts
   Zot:1: 1802 daAuts
